 Dungeon Crawl Stone Soup version 0.31-a0-948-gf5be29c462 (webtiles) character file.

Game seed: 3822780396108915188

1609994 Flugkiller the Metallomancer (level 27, 177/177 HPs)
             Began as a Gargoyle Venom Mage on Oct 20, 2023.
             Was the Champion of Ashenzari.
             Escaped with the Orb
             ... and 3 runes on Oct 21, 2023!
             The game lasted 02:17:11 (72356 turns).

Flugkiller the Metallomancer (Gargoyle Venom Mage) Turns: 72356, Time: 02:17:11

Health: 177/177    AC: 72    Str: 27    XL:     27
Magic:  51/51      EV: 15    Int: 26    God:    Ashenzari [******]
Gold:   2801       SH:  8    Dex: 17    Spells: 32/74 levels left

rFire   + . .        i - staff of the Shattered Seer (curse) {Conj, Melee, Bglg} (curse)
rCold   + + +        X - +2 buckler "Seer of Ashenzari" {Self, Elem} (curse)
rNeg    + . .        g - +9 gold dragon scales of the Cursed Repose {Drain +Inv rPois rF+ rC+ rCorr Dex+3, Bglg, Comp} (curse)
rPois   ∞            j - +2 helmet of Ashenzari's Portent {Int+3, Bglg, Fort} (curse)
rElec   +            o - +4 dragonskin cloak {Bglg, Melee} (curse)
rCorr   +            J - +2 pair of gloves "Ensconced With Me" {Fort, Self} (curse)
SInv    +            f - +2 pair of boots of the Eternal Planets {Elem, Alch} (curse)
Will    ++...        C - amulet of the Fated Trepidation {RegenMP Contam rPois rC++ rCorr, Bglg, Dev} (curse) Stlth
                     I - ring "I Knew You'd Do That" {Str+6, Comp, Bglg} (curse)
HPRegen 0.49/turn    L - ring of Ashenzari's Soothsayer {Str+6, Cun, Elem} (curse)
MPRegen 0.72/turn

%: clarity
@: flying, studying 2 skills
A: sickness immunity, AC +20, big wings, negative energy resistance 1,
electricity resistance, torment resistance 1, petrification resistance, agile 1,
dopey 1, no potion heal 1, subdued magic 1, inability to drink after injury 1,
sturdy frame 1
0: Orb of Zot
}: 3/15 runes: serpentine, barnacled, slimy
a: Renounce Religion, Evoke Invisibility, Shatter the Chains


You escaped.
You worshipped Ashenzari.
Ashenzari was exalted by your worship.
You visited 11 branches of the dungeon, and saw 52 of its levels.
You visited the Abyss 1 time.
You also visited: Bailey and Desolation.

You collected 6793 gold pieces.
You spent 3992 gold pieces at shops.

Inventory:

Missiles
 G - 5 throwing nets
 S - 9 curare-tipped darts
Armour
 f - the cursed +2 pair of boots of the Eternal Planets (worn) {Elem, Alch}
   (You bought it in a shop on level 4 of the Shoals)

   It has a curse which improves the following skills: Elements: Fire Magic, Ice
   Magic, Air Magic and Earth Magic.
   Alchemy:   Poison Magic and Transmutations.
 g - the cursed +9 gold dragon scales of the Cursed Repose (worn) {Drain +Inv rPois rF+ rC+ rCorr Dex+3, Bglg, Comp}
   (You bought it in a shop on level 4 of the Shoals)

   Dex+3:     It affects your dexterity (+3).
   rF+:       It protects you from fire.
   rC+:       It protects you from cold.
   rPois:     It protects you from poison +Inv: It lets you turn invisible.
   rCorr:     It protects you from acid and corrosion.
   Drain:     It drains your maximum health when unequipped.
   It has a curse which improves the following skills: Beguiling: Conjurations,
   Hexes and Translocations.
   Companions: Summonings and Necromancy.
 j - the cursed +2 helmet of Ashenzari's Portent (worn) {Int+3, Bglg, Fort}
   (You found it on level 4 of the Vaults)

   It has a curse which improves the following skills: Beguiling: Conjurations,
   Hexes and Translocations.
   Fortitude: Armour and Shields.
 o - the cursed +4 dragonskin cloak (worn) {Bglg, Melee}
   (You found it on level 4 of the Realm of Zot)

   Avatar's Aegis: It grants the wearer a chance to resist fire, cold, poison,
   electricity, acid, and negative energy.
   It has a curse which improves the following skills: Beguiling: Conjurations,
   Hexes and Translocations.
   Melee Combat: Short Blades, Long Blades, Axes, Maces & Flails, Polearms,
   Staves and Unarmed Combat.
 J - the cursed +2 pair of gloves "Ensconced With Me" (worn) {Fort, Self}
   (You found it on level 7 of the Dungeon)

   It has a curse which improves the following skills: Fortitude: Armour and
   Shields.
   Introspection: Fighting and Spellcasting.
 X - the cursed +2 buckler "Seer of Ashenzari" (worn) {Self, Elem}
   (You found it on level 1 of the Elven Halls)

   It has a curse which improves the following skills: Introspection: Fighting
   and Spellcasting.
   Elements:  Fire Magic, Ice Magic, Air Magic and Earth Magic.
Magical Staves
 i - the cursed staff of the Shattered Seer (weapon) {Conj, Melee, Bglg}
   (You bought it in a shop on level 2 of the Orcish Mines)

   [staff of conjuration]

   Base accuracy: +5 Base damage: 5 Base attack delay: 1.2 This weapon's minimum
   attack delay (0.6) is reached at skill level 12.
   Conj:      It increases the power of your Conjurations spells.
   It falls into the 'Staves' category.
   It is a one-handed weapon.
   It has a curse which improves the following skills: Melee Combat: Short
   Blades, Long Blades, Axes, Maces & Flails, Polearms, Staves and Unarmed
   Combat.
   Beguiling: Conjurations, Hexes and Translocations.
Jewellery
 m - a ring of willpower
   (You found it on level 4 of the Vaults)
 p - a ring of protection from fire
   (You found it on level 1 of the Realm of Zot)
 r - the amulet of Reimbursement {rF+ Regen+}
   (You found it on level 2 of the Vaults)

   [amulet of regeneration]

   rF+:       It protects you from fire.
   Regen+:    It increases your rate of health regeneration.
 v - the ring of Xom's Full Attention {rN+ AC+4 Str+2}
   (You found it in the Desolation of Salt)

   [ring of protection]

   AC+4:      It affects your AC (+4).
   Str+2:     It affects your strength (+2).
   rN+:       It protects you from negative energy.
 C - the cursed amulet of the Fated Trepidation (around neck) {RegenMP Contam rPois rC++ rCorr, Bglg, Dev}
   (You bought it in a shop on level 5 of the Dungeon)

   [amulet of magic regeneration]

   RegenMP:   It increases your rate of magic regeneration.
   rC++:      It greatly protects you from cold.
   rPois:     It protects you from poison Contam: It causes magical
   contamination when unequipped.
   rCorr:     It protects you from acid and corrosion.
   It has a curse which improves the following skills: Beguiling: Conjurations,
   Hexes and Translocations.
   Devices:   Evocations and Shapeshifting.
 I - the cursed ring "I Knew You'd Do That" (left hand) {Str+6, Comp, Bglg}
   (You found it on level 4 of the Shoals)

   [ring of strength]

   Str+6:     It affects your strength (+6).
   It has a curse which improves the following skills: Companions: Summonings
   and Necromancy.
   Beguiling: Conjurations, Hexes and Translocations.
 L - the cursed ring of Ashenzari's Soothsayer (right hand) {Str+6, Cun, Elem}
   (You found it on level 9 of the Dungeon)

   [ring of strength]

   Str+6:     It affects your strength (+6).
   It has a curse which improves the following skills: Cunning: Dodging and
   Stealth.
   Elements:  Fire Magic, Ice Magic, Air Magic and Earth Magic.
 Q - a ring of fire
   (You found it on level 11 of the Dungeon)
 Y - a +6 ring of intelligence
   (You found it on level 13 of the Dungeon)
Wands
 e - a wand of light (10)
   (You found it on level 5 of the Dungeon)
 y - a wand of paralysis (57)
   (You found it on level 5 of the Dungeon)
 M - a wand of mindburst (11)
   (You found it on level 8 of the Dungeon)
 U - a wand of roots (37)
   (You found it on level 3 of the Lair of Beasts)
 V - a wand of digging (24)
   (You found it on level 5 of the Lair of Beasts)
Scrolls
 c - 8 scrolls of revelation
 k - 4 scrolls of immolation
 l - 7 scrolls of fear
 s - 2 scrolls of summoning
 t - 12 scrolls of teleportation
 z - 5 scrolls of blinking
 B - 6 scrolls of fog
 H - 4 scrolls of poison
 R - 9 scrolls of vulnerability
Potions
 a - 12 potions of attraction
 b - 10 potions of magic
 d - 11 potions of might
 h - 5 potions of haste
 n - 4 potions of resistance
 q - 23 potions of curing
 u - 4 potions of cancellation
 w - 11 potions of heal wounds
 x - 10 potions of brilliance
 A - 13 potions of mutation
 F - 7 potions of invisibility
 O - 7 potions of enlightenment
 T - 3 potions of ambrosia
Miscellaneous
 K - a lightning rod (4/4)
   (You found it on level 1 of the Shoals)
 N - a phial of floods
   (You found it on level 10 of the Dungeon)
 P - a condenser vane
   (You found it on level 11 of the Dungeon)
 W - a phantom mirror
   (You found it on level 5 of the Lair of Beasts)
 Z - a sack of spiders
   (You found it on level 4 of the Shoals)


   Skills:
 - Level 15.9(19.4) Fighting
 - Level 11.9(15.4) Staves
 - Level 19.1(22.4) Armour
 - Level 13.2(15.6) Dodging
 - Level 2.1(4.0) Stealth
 - Level 3.3(6.4) Shields
 + Level 20.7(24.0) Spellcasting
 - Level 18.3(25.6) Conjurations
 - Level 12.0(15.5) Summonings
 - Level 4.9(7.3) Transmutations
 - Level 2.0(5.3) Air Magic
 - Level 24.3(27) Earth Magic
 - Level 8.0(10.5) Poison Magic
 - Level 10.5(12.9) Evocations


You had 32 spell levels left.
You knew the following spells:

 Your Spells              Type           Power      Damage    Failure   Level
a - Sting                 Tmut/Pois      100%       1d8       1%          1
b - Poisonous Vapours     Pois/Air       100%       N/A       1%          2
c - Olgreb's Toxic Radia  Pois           60%        N/A       1%          4
d - Mephitic Cloud        Conj/Pois/Air  87%        N/A       1%          3
e - Orb of Destruction    Conj           56%        9d14      1%          7
f - Spellforged Servitor  Conj/Summ      51%        N/A       1%          7
g - Ignite Poison         Fire/Tmut/Pois 48%        N/A       1%          3
h - Shatter               Erth           46%        3d36*     11%         9
i - Irradiate             Conj/Tmut      47%        3d27      1%          5
q - Apportation           Tloc           56%        N/A       4%          1

Your spell library contained the following spells:

 Spells                   Type           Power      Damage    Failure   Level
 Sandblast                Erth           100%       2d20      0%          1
 Passwall                 Tmut/Erth      62%        N/A       0%          2
 Stone Arrow              Conj/Erth      100%       3d13      0%          3
 Animate Armour           Summ/Erth      100%       N/A       0%          4
 Brom's Barrelling Bould  Conj/Erth      100%       2d11      0%          4
 Iskenderun's Battlesphe  Conj           100%       2d15      0%          5
 Lee's Rapid Deconstruct  Erth           46%        3d22*     0%          5
 Kiss of Death            Conj/Necr      100%       2d13      1%          1
 Momentum Strike          Conj/Tloc      100%       3d10      1%          2
 Wereblood                Tmut           52%        N/A       1%          2
 Call Canine Familiar     Summ           72%        N/A       1%          3
 Dazzling Flash           Conj/Hex       100%       N/A       1%          3
 Summon Guardian Golem    Hex/Summ       55%        N/A       1%          3
 Iskenderun's Mystic Bla  Conj/Tloc      86%        2d17      1%          4
 Leda's Liquefaction      Hex/Erth       34%        N/A       1%          4
 Petrify                  Tmut/Erth      75%        N/A       1%          4
 Sticky Flame             Conj/Fire      86%        2d10      1%          4
 Summon Lightning Spire   Summ/Air       60%        N/A       1%          4
 Arcjolt                  Conj/Air       45%        1d55      1%          5
 Borgnjor's Vile Clutch   Necr/Erth      34%        N/A       1%          5
 Fireball                 Conj/Fire      43%        3d17      1%          5
 Conjure Ball Lightning   Conj/Air       45%        3x3d16    1%          6
 Summon Ice Beast         Ice/Summ       54%        N/A       2%          4
 Freezing Cloud           Conj/Ice/Air   39%        6-21      2%          5
 Slow                     Hex            100%       N/A       4%          1
 Alistair's Intoxication  Tmut/Pois      37%        N/A       4%          5
 Starburst                Conj/Fire      43%        6d12      4%          6
 Necrotise                Necr           100%       1d9       5%          1
 Summon Forest            Summ/Tloc      27%        N/A       6%          5
 Summon Mana Viper        Hex/Summ       55%        N/A       6%          5
 Blink                    Tloc           56%        N/A       7%          2
 Ensorcelled Hibernation  Hex/Ice        54%        N/A       7%          2
 Lesser Beckoning         Tloc           56%        N/A       7%          2
 Monstrous Menagerie      Summ           36%        N/A       10%         7
 Summon Hydra             Summ           36%        N/A       10%         7
 Confusing Touch          Hex            28%        N/A       13%         3
 Gell's Gravitas          Tloc           28%        N/A       13%         3
 Sigil of Binding         Hex            28%        N/A       13%         3
 Teleport Other           Tloc           28%        N/A       13%         3
 Tukima's Dance           Hex            28%        N/A       13%         3
 Ozocubu's Armour         Ice            26%        N/A       16%         3
 Volatile Blastmotes      Fire/Tloc      54%        2d14      16%         3
 Vampiric Draining        Necr           26%        2d7       17%         3
 Vhi's Electric Charge    Tloc/Air       72%        N/A       19%         4
 Eringya's Noxious Bog    Tmut/Pois      28%        4d6       28%         6
 Dimensional Bullseye     Hex/Tloc       14%        N/A       43%         4
 Manifold Assault         Tloc           28%        N/A       43%         4
 Silence                  Hex/Air        18%        N/A       50%         5
 Animate Dead             Necr           26%        N/A       52%         4
 Dispel Undead            Necr           26%        3d13      52%         4
 Metabolic Englaciation   Hex/Ice        13%        N/A       83%         5
 Agony                    Necr           26%        N/A       86%         5
 Plasma Beam              Fire/Air       18%        2x1d29    98%         6
 Death Channel            Necr           13%        N/A       100%        6
 Dispersal                Tloc           14%        N/A       100%        6
 Simulacrum               Ice/Necr       13%        N/A       100%        6
 Enfeeble                 Hex            14%        N/A       100%        7
 Ozocubu's Refrigeration  Ice            13%        4d10      100%        7
 Discord                  Hex            14%        N/A       100%        8
 Disjunction              Tloc           14%        N/A       100%        8
 Ignition                 Fire           13%        3d6       100%        8
 Infestation              Necr           13%        N/A       100%        8
 Maxwell's Capacitive Co  Air            22%        ∞         100%        8
 Chain Lightning          Conj/Air       45%        3d60      100%        9
 Fire Storm               Conj/Fire      43%        8d11      100%        9
 Cigotuvi's Dreadful Rot  Necr/Pois/Air  Unusable   N/A       N/A         2
 Sublimation of Blood     Necr           Unusable   N/A       N/A         2

Dungeon Overview and Level Annotations

Branches:
Dungeon (15/15)            Temple (1/1) D:6            Lair (5/5) D:8
 Shoals (4/4) Lair:2        Snake (4/4) Lair:2        Slime (5/5) Lair:5
    Orc (2/2) D:10            Elf (3/3) Orc:2        Vaults (4/5) D:14
  Crypt (0/3) Vaults:2     Depths (4/4) D:15            Zot (5/5) Depths:4
 Bailey (visited)         Desolation (visited)

Altars:
Ashenzari
Cheibriados
Dithmenos
Elyvilon
Fedhas
Gozag
Hepliaklqana
Kikubaaqudgha
Makhleb
Nemelex Xobeh
Okawaru
Qazlal
Ru
Sif Muna
Trog
Uskayaw
Vehumet
Wu Jian
Xom
Yredelemnul
Zin
The Shining One
Jiyva

Shops:
D:4 [   D:5 (!(**   D:9 =   Orc:2 *((!   Elf:1 ?[(   Elf:3 !   Shoals:1 :
Shoals:2 !   Shoals:4 [[   Snake:3 (   Vaults:2 [   Vaults:3 [

Portals:
Hell: Depths:1 Depths:2 Depths:3 Depths:4
Abyss: Depths:1 Depths:2 Depths:3 Depths:4
Pandemonium: Depths:1 Depths:2 Depths:4
Ziggurat: Depths:1
Trove: D:12 (give +5 demon whip)

Annotations:
D:4 exclusion: ogre
D:10 3 runed translucent doors
D:11 2 runed translucent doors, exclusion: orange crystal statue
Temple 2 transporters
Lair:5 2 transporters, Dirtsage's ghost, journeyman DsFi
Elf:2 3 runed translucent doors
Zot:3 2 transporters, Juzit's ghost, legendary GnFi
Zot:5 3 runed translucent doors, Shym's ghost, legendary DsWn


Innate Abilities, Weirdness & Mutations

You are immune to sickness and miasma.
Your stone body is resilient. (AC +20)
You are immune to poison.
Your large and strong wings let you fly.
You resist negative energy. (rN+)
You are resistant to electric shocks. (rElec)
You are resistant to unholy torment.
You are immune to petrification.
You are agile. (Dex +4, Str/Int -1)
You are dopey. (Int -2)
Potions are less effective at restoring your health.
Your spells are a little easier to cast, but a little less powerful.
You occasionally lose the ability to drink potions when taking damage.
Your movements are slightly less encumbered by armour. (ER -2)


Message History

The hellwing is moderately wounded.
You kill Rezoch!
Ka-crash!
You block the hellwing's attack.
The hellwing hits you but does no damage.
You have reached level 27, the final one!
Your experience leads to an increase in your attributes!
Your base attributes are Str 14, Int 26, Dex 10.
Increase (S)trength, (I)ntelligence, or (D)exterity?
You feel stronger. x2
Unknown command.
You closely miss the hellwing.
The hellwing is moderately wounded.
You barely miss the hellwing.
The hellwing is moderately wounded.
The hellwing misses you.
The hellwing hits you but does no damage.
You hit the hellwing.
You blast the hellwing!
The hellwing is almost dead.
You closely miss the hellwing.
The hellwing is almost dead.
The hellwing hits you but does no damage.
The hellwing misses you.
You hit the hellwing.
You blast the hellwing!
You kill the hellwing!
No target in view!
There is a stone staircase leading up here.
You fly upwards.
There is a stone staircase leading down here.
There is a stone staircase leading up here.
You fly upwards.
Level annotation: exclusion: ogre
There is a stone staircase leading down here.
Magic restored.
There is a stone staircase leading up here.
You fly upwards.
There is a stone staircase leading down here.
A Brimstone Fiend comes into view.
Casting: Shatter (dangerous; 12% risk of failure)
Confirm with . or Enter, or press ? or * to list all spells.
Aiming: Orb of Destruction (mildly dangerous; 1% risk of failure)
Press: ? - help, Shift-Dir - straight line, f - Brimstone Fiend
Aim: a Brimstone Fiend You feel a surge of power!
Your orb of destruction hits a rock wall.
Unknown command.
The Brimstone Fiend gestures at you.
The sphere of damnation explodes!
The damnation engulfs you!!
Casting: Orb of Destruction (mildly dangerous; 1% risk of failure)
Confirm with . or Enter, or press ? or * to list all spells.
Aiming: Orb of Destruction (mildly dangerous; 1% risk of failure)
Press: ? - help, Shift-Dir - straight line, f/p - Brimstone Fiend
Aim: a Brimstone Fiend You feel a surge of power!
The Brimstone Fiend gestures at you.
The sphere of damnation explodes!
The damnation engulfs you!!
Casting: Orb of Destruction (mildly dangerous; 1% risk of failure)
Confirm with . or Enter, or press ? or * to list all spells.
Aiming: Orb of Destruction (mildly dangerous; 1% risk of failure)
Press: ? - help, Shift-Dir - straight line, f/p - Brimstone Fiend
Aim: a Brimstone Fiend (ally target)
You feel a surge of power!
The orb of destruction hits the Brimstone Fiend!!!
The Brimstone Fiend is severely wounded.
The orb of destruction hits the Brimstone Fiend!!
You blow up the Brimstone Fiend!
Unknown command.
You start resting.
You sense a monster nearby.
You start resting.
Magic restored.
Unknown command.
Unknown command.
There is an open door here.
A hellion comes into view.
There is an escape hatch in the ceiling here.
Unknown command.
The hellion gestures at you.
The sphere of damnation explodes!
The damnation engulfs you!!! A mysterious force pulls you upwards.
The hatch slams shut behind you.
A sixfirhy comes into view.
There is a stone staircase leading up here.
You fly upwards.
There is a stone staircase leading down here.
There is an open door here.
You sense a monster nearby.
Unknown command.
There is a staircase leading out of the dungeon here.
Your system partially rejects the healing.
You feel much better.
Your system partially rejects the healing.
You feel much better.
Your system partially rejects the healing.
You feel much better.
Your system partially rejects the healing.
You feel much better.
Your system partially rejects the healing.
You feel much better.
Enter note: gg You have escaped!

#.#.##.# #......# #.
#.#.##.#####{.#### #.
###.#.##....##..### #.
...#..#####.##[...## #.
###.### #......##..# #.
#.#####.#.#..###.### #.
#............#.#...# #.
#######.#.####.###.# #.
#....'..@..'.# #.
########.####### #.
#.............# #.
####.#####.#### #####.
##.#####.########.....
#####
#.........#.......##.#
....#
########.######.#######.#
###.#####.'...........'.#
#.#
#.##....######.########
#.#


There were no monsters in sight!

Vanquished Creatures
  the Royal Jelly (Slime:5)
  2 ancient liches
  7 orbs of fire
  Mennas (Vaults:4)
  Mara (Depths:2)
  A juggernaut (Depths:4)
  Bai Suzhen (Shoals:4)
  Saint Roka (Snake:2)
  Frederick (Vaults:2)
  A Killer Klown (Zot:5)
  9 golden dragons
  4 curse toes
  Norris (Vaults:1)
  4 caustic shrikes (Depths:4)
  Jory (Vaults:4)
  3 electric golems
  A pandemonium lord (D:6)
  2 Brimstone Fiends
  3 doom hounds (Depths:3)
  The ghost of Wusuin the Warrior, an adept MiBe of Trog (Shoals:1)
  A Tzitzimitl (Depths:3)
  14 tentacled monstrosities
  Jorgrun (Elf:2)
  A lich (Depths:3)
  Rupert (Lair:4)
  Asterion (Vaults:1)
  The ghost of Tosoun the Demolition Demonspawn, an adept DsGl of Makhleb (Shoals:1)
  Grunn (Depths:3)
  A deep elf blademaster (Elf:3)
  7 quicksilver dragons
  21 Orb Guardians
  Gastronok (D:10)
  2 sphinxes
  11 death cobs
  19 acid blobs
  8 shadow dragons
  Kirke (Snake:1)
  Aizul (Elf:2)
  3 draconian monks
  6 rockslimes
  7 azure jellies
  3 nagarajas
  19 storm dragons
  6 vault wardens
  5 draconian knights
  7 fire giants
  10 draconian scorchers
  7 frost giants
  2 imperial myrmidons (Desolation)
  4 deep elf sorcerers
  3 ghost moths
  5 deep elf elementalists (Elf:3)
  3 draconian stormcallers
  2 orc warlords
  Louise (Shoals:1)
  4 draconian annihilators
  4 draconian shifters
  An angel (Zot:4)
  19 ironbound preservers
  8 ironbound thunderhulks
  A cacodemon (Depths:2)
  10 quicksilver oozes
  9 formless jellyfish
  15 very ugly things
  5 deep elf annihilators
  2 deep elf demonologists
  8 stone giants
  12 green draconians
  14 black draconians
  7 purple draconians
  5 spark wasps
  11 yellow draconians
  6 white draconians
  2 vampire knights
  16 dire elephants
  A halazid warlock (Desolation)
  13 red draconians
  A crystal guardian (Desolation)
  The ghost of Pi314 the Destroyer, a journeyman DrCj of Sif Muna (Lair:2)
  6 merfolk javelineers
  3 blizzard demons
  6 deep elf death magi
  4 ettins
  3 merfolk impalers
  2 eidola (Vaults:2)
  5 fire dragons
  Fannar (Lair:2)
  12 ragged hierophants (Desolation)
  10 yaktaur captains
  6 deep elf high priests
  6 servants of whispers (Desolation)
  6 ice dragons
  A hell beast (Depths:4)
  7 great orbs of eyes
  3 entropy weavers
  4 salamander tyrants
  6 vault guards
  2 ogre magi
  7 hydras
  A rakshasa (Depths:3)
  11 centaur warriors
  A catoblepas (Lair:5)
  A merfolk avatar (Shoals:4)
  9 peacekeepers (Desolation)
  12 ironbound frosthearts
  4 spriggan air magi
  2 merfolk aquamancers (Shoals:4)
  A radroach (shapeshifter) (Depths:4)
  12 anacondas
  2 satyrs
  5 deep troll shamans
  6 boulder beetles
  15 dancing weapons
  7 two-headed ogres
  4 death yaks (Lair:5)
  3 vampire magi
  13 naga warriors
  2 deep troll earth magi
  11 naga sharpshooters
  6 tengu warriors
  7 orc high priests
  2 spriggan berserkers
  2 shock serpents
  An occultist (Depths:2)
  A soul eater (Depths:2)
  2 sun demons (Depths:4)
  9 deep elf knights
  3 nameless horrors
  8 hell knights
  A skyshark (shapeshifter) (D:15)
  Urug (D:13)
  A salamander mystic (Snake:2)
  A fire crab (shapeshifter) (D:14)
  A shadow wraith (Vaults:2)
  3 iron trolls
  6 skysharks
  10 sea snakes
  52 deep trolls
  6 naga ritualists
  A kraken simulacrum (Shoals:4)
  An obsidian statue (Vaults:4)
  2 glowing orange brains
  5 flayed ghosts
  A phantasmal warrior (Vaults:4)
  6 lindwurms
  Pikel (D:7)
  2 necromancers
  14 deep elf archers
  18 harpies
  19 ironbound convokers
  6 arcanists
  8 orc knights
  A mana viper (shapeshifter) (Vaults:3)
  An orc sorcerer (Elf:2)
  A shining eye (shapeshifter) (Depths:4)
  31 deep elf pyromancers
  18 deep elf zephyrmancers
  8 fauns
  2 shining eyes
  12 mana vipers
  25 moths of wrath
  9 cyclopes
  25 ugly things
  14 salamanders
  A large abomination (Abyss:2)
  6 merfolk sirens
  15 manticores
  Joseph (D:7)
  Maurice (D:13)
  12 vault sentinels
  An ice statue (D:13)
  5 guardian serpents
  9 naga magi
  32 black mambas
  8 elephants (Lair:5)
  6 water nymphs
  A molten gargoyle (Desolation)
  2 orange demons (D:15)
  2 gargoyles (D:10)
  An unseen horror (D:11)
  An unseen horror (shapeshifter) (D:14)
  10 cane toads
  2 freezing wraiths (Vaults:4)
  10 komodo dragons
  4 rime drakes
  28 yaktaurs
  2 efreet
  8 tengu conjurers
  5 ice devils
  A tormentor (Depths:2)
  3 wind drakes
  7 trolls
  20 merfolk
  2 tarantellas (shapeshifter) (Elf:1)
  6 polar bears
  12 blink frogs
  78 saltlings (Desolation)
  A hellwing (D:6)
  11 hornets
  A snapping turtle (shapeshifter) (D:14)
  8 snapping turtles
  82 slime creatures
  3 shadows
  A wraith (D:9)
  66 yaks
  6 vampires
  A culicivora (Vaults:1)
  A spriggan (shapeshifter) (D:14)
  3 spriggans (Lair:2)
  3 air elementals
  3 basilisks
  11 water elementals
  3 wyverns
  4 fire elementals
  3 redbacks
  2 golden eyes (Slime:1)
  2 steam dragons
  15 vampire mosquitoes
  39 nagas
  3 wargs
  3 acid dragons
  Duvessa (D:7)
  2 glass eyes (D:12)
  A hell hound (Depths:2)
  37 water moccasins
  2 sky beasts (D:7)
  2 ice beasts
  8 black bears
  Pargi (D:3)
  50 orc warriors
  9 ogres
  18 wolves
  5 boggarts (Vaults:3)
  9 centaurs
  2 lemures (D:7)
  A phantom (D:4)
  2 kobold brigands
  3 gnoll sergeants
  12 bullfrogs
  6 earth elementals
  5 scorpions
  Dowan (D:7)
  22 wights
  19 killer bees
  8 howler monkeys
  An electric eel (D:14)
  A quasit (Abyss:2)
  7 hounds
  33 orc priests
  2 jellies
  2 gnoll boudas
  3 sleepcaps
  Crazy Yiuf (D:5)
  26 orc wizards
  5 iguanas
  4 hell rats (Lair:5)
  16 adders
  34 gnolls
  A shadow imp (D:7)
  2 white imps
  8 ufetubi (D:13)
  3 worms
  72 orcs
  An endoplasm (D:1)
  2 giant cockroaches
  9 goblins
  8 hobgoblins
  4 jackals (D:3)
  17 kobolds
  4 ball pythons
  6 bats
  4 frilled lizards
  5 rats
  A tentacle (Shoals:4)
2068 creatures vanquished.

Vanquished Creatures (collateral kills)
  The ghost of Panea the Shatterer, an adept FoCA of Wu Jian (Shoals:1)
  2 deep elf blademasters (Elf:3)
  An acid blob (Slime:5)
  4 nagarajas (Snake:4)
  Donald (Shoals:2)
  A fire giant (Depths:1)
  3 deep elf sorcerers (Elf:3)
  A vault warden (Vaults:4)
  A frost giant (Shoals:1)
  3 deep elf demonologists (Elf:3)
  A deep elf annihilator (Elf:3)
  A yellow draconian (Zot:4)
  A merfolk javelineer (Shoals:4)
  A great orb of eyes (Slime:5)
  3 merfolk impalers
  A salamander tyrant (Snake:4)
  A merfolk avatar (Shoals:4)
  A merfolk aquamancer (Shoals:2)
  A satyr (Shoals:4)
  A naga sharpshooter (Snake:4)
  2 naga warriors (Snake:4)
  A deep elf knight (Elf:3)
  4 skysharks
  An iron troll (Depths:3)
  2 sea snakes (Shoals:4)
  A salamander mystic (Snake:4)
  2 deep trolls
  A deep elf archer (Elf:3)
  A deep elf zephyrmancer (Elf:3)
  8 harpies
  5 manticores
  2 fauns (Shoals:4)
  9 cyclopes
  3 ugly things
  2 merfolk sirens (Shoals:4)
  An eye of devastation (Slime:5)
  A naga mage (Snake:4)
  A tormentor (Depths:3)
  7 merfolk
  2 wind drakes
  2 snapping turtles
  4 slime creatures (Slime:5)
  8 nagas (Snake:4)
  An earth elemental (Elf:3)
101 creatures vanquished.

Vanquished Creatures (others)
  Tiamat (Zot:4)
  A naga mage (Snake:4)
  A tengu conjurer (Depths:2)
  7 humans (Snake:2)
  A bullfrog (D:9)
  8 spectral weapons
  3 tentacles (Shoals:4)
22 creatures vanquished.

Grand Total: 2191 creatures vanquished

Notes
Turn   | Place    | Note
-------+----------+-------------------------------------------
     0 | D:1      | Flugkiller the Gargoyle Venom Mage began the quest for the
                  | Orb.
     0 | D:1      | Reached XP level 1. HP: 10/10 MP: 3/3
   634 | D:1      | Reached XP level 2. HP: 15/15 MP: 3/5
   768 | D:1      | Found a faded altar of an unknown god.
  1126 | D:1      | Learned a level 2 spell: Poisonous Vapours
  1232 | D:2      | Reached XP level 3. HP: 19/19 MP: 6/6
  1334 | D:2      | Found an ornate altar of the Wu Jian Council.
  1803 | D:3      | Noticed Pargi
  1914 | D:3      | Reached XP level 4. HP: 16/24 MP: 7/7
  1915 | D:3      | Reached skill level 5 in Poison Magic
  2126 | D:3      | Learned a level 4 spell: Olgreb's Toxic Radiance
  2476 | D:3      | Killed Pargi
  2477 | D:3      | Reached XP level 5. HP: 28/28 MP: 6/8
  2990 | D:4      | Noticed a phantom
  3052 | D:4      | Killed a phantom
  3053 | D:4      | Reached XP level 6. HP: 13/32 MP: 9/9
  3601 | D:4      | Found Illuoc's Antique Armour Shop.
  3946 | D:5      | Entered Level 5 of the Dungeon
  3954 | D:5      | Noticed an ice beast
  4152 | D:5      | Reached XP level 7. HP: 36/36 MP: 10/10
  4168 | D:5      | Found Noqeuto's Weapon Emporium.
  4168 | D:5      | Found Oheihovyrgh's Distillery.
  4189 | D:4      | Reached skill level 1 in Fighting
  4410 | D:5      | Learned a level 3 spell: Mephitic Cloud
  4439 | D:5      | Bought a potion of curing for 33 gold pieces
  4439 | D:5      | Bought a potion of brilliance for 44 gold pieces
  4439 | D:5      | Bought a potion of heal wounds for 55 gold pieces
  4499 | D:5      | Found a runed translucent door.
  4501 | D:5      | Noticed Crazy Yiuf
  4534 | D:5      | Found a glowing silver altar of Zin.
  4569 | D:5      | Found Ydocruts's Assorted Antiques.
  4591 | D:5      | Bought a scroll labelled DADWUO FEXO for 23 gold pieces
  4591 | D:5      | Bought a twitching tin amulet for 115 gold pieces
  4591 | D:5      | Identified the amulet of Atewicunn {RegenMP Contam rPois
                  | rC++ rCorr} (You bought it in a shop on level 5 of the
                  | Dungeon)
  4708 | D:5      | Found Goulacep's Antique Weapon Emporium.
  4809 | D:5      | Found Ryustot's General Store.
  5051 | D:5      | Killed Crazy Yiuf
  5108 | D:6      | Identified the of Gyxuod
  5113 | D:6      | Reached skill level 1 in Conjurations
  5150 | D:6      | Reached skill level 1 in Air Magic
  5151 | D:6      | Reached XP level 8. HP: 44/46 MP: 12/12
  5413 | D:6      | Reached skill level 1 in Transmutations
  5871 | D:6      | Found a staircase to the Ecumenical Temple.
  5977 | Temple   | Found a transporter.
  5977 | Temple   | Found a transporter.
  5977 | Temple   | Found a transporter.
  5977 | Temple   | Found a transporter.
  5977 | Temple   | Entered the Ecumenical Temple
  5990 | Temple   | Became a worshipper of Ashenzari the Shackled
  6790 | D:7      | Reached XP level 9. HP: 52/52 MP: 15/15
  6973 | D:7      | Reached skill level 5 in Fighting
  7144 | D:7      | Noticed Joseph
  7165 | D:7      | Killed Joseph
  7166 | D:7      | Reached skill level 5 in Spellcasting
  7166 | D:7      | Reached skill level 5 in Conjurations
  7211 | D:7      | Noticed Pikel
  7225 | D:7      | Killed Pikel
  7307 | D:7      | Noticed Dowan
  7310 | D:7      | Noticed Duvessa
  7320 | D:7      | Killed Duvessa
  7324 | D:7      | Killed Dowan
  7458 | D:8      | Reached XP level 10. HP: 56/59 MP: 19/19
  7710 | D:8      | Found a staircase to the Lair.
  8270 | D:9      | Found a flagged portal.
  8278 | Bailey   | Entered a bailey
  8283 | Bailey   | Noticed an orc warlord
  8321 | Bailey   | Found a runed translucent gate.
  8330 | Bailey   | Reached skill level 10 in Conjurations
  8356 | Bailey   | Found a runed translucent gate.
  8369 | Bailey   | Found a runed translucent gate.
  8424 | Bailey   | Learned a level 5 spell: Irradiate
  8579 | Bailey   | Killed an orc warlord
  8625 | Bailey   | Reached XP level 11. HP: 64/64 MP: 20/20
  8706 | D:9      | Found a stormy altar of Qazlal.
  8801 | D:9      | Found Ranih's Jewellery Boutique.
  8876 | D:9      | Reached skill level 1 in Evocations
  8911 | D:9      | Reached * piety under Ashenzari
  8911 | D:9      | Reached ** piety under Ashenzari
  8915 | D:9      | Found a snail-covered altar of Cheibriados.
  8917 | D:9      | Identified the cursed +2 quarterstaff "Gaze Upon Infinity"
                  | {spect, Comp, Alch} (You took it off Joseph on level 7 of
                  | the Dungeon)
  8919 | D:9      | Identified the cursed +2 quarterstaff "Gaze Upon Infinity"
                  | {spect, Comp, Alch} (You took it off Joseph on level 7 of
                  | the Dungeon)
  8947 | D:9      | Found a shimmering altar of Xom.
  9062 | D:9      | Identified the cursed +2 quarterstaff "Gaze Upon Infinity"
                  | {spect, Comp, Alch} (You took it off Joseph on level 7 of
                  | the Dungeon)
  9181 | D:9      | Identified the cursed +2 quarterstaff "Gaze Upon Infinity"
                  | {spect, Comp, Alch} (You took it off Joseph on level 7 of
                  | the Dungeon)
  9184 | D:9      | Identified the cursed +2 quarterstaff "Gaze Upon Infinity"
                  | {spect, Comp, Alch} (You took it off Joseph on level 7 of
                  | the Dungeon)
  9227 | D:9      | Identified the cursed +2 quarterstaff "Gaze Upon Infinity"
                  | {spect, Comp, Alch} (You took it off Joseph on level 7 of
                  | the Dungeon)
  9237 | D:9      | Identified the cursed +2 quarterstaff "Gaze Upon Infinity"
                  | {spect, Comp, Alch} (You took it off Joseph on level 7 of
                  | the Dungeon)
  9243 | D:9      | Identified the cursed +2 quarterstaff "Gaze Upon Infinity"
                  | {spect, Comp, Alch} (You took it off Joseph on level 7 of
                  | the Dungeon)
  9246 | D:9      | Gained mutation: You are clumsy. (Dex -2) [mutagenic glow]
  9247 | D:9      | Identified the cursed +2 quarterstaff "Gaze Upon Infinity"
                  | {spect, Comp, Alch} (You took it off Joseph on level 7 of
                  | the Dungeon)
  9250 | D:9      | Identified the cursed +2 quarterstaff "Gaze Upon Infinity"
                  | {spect, Comp, Alch} (You took it off Joseph on level 7 of
                  | the Dungeon)
  9255 | D:9      | Identified the cursed +2 quarterstaff "Gaze Upon Infinity"
                  | {spect, Comp, Alch} (You took it off Joseph on level 7 of
                  | the Dungeon)
  9257 | D:9      | Reached XP level 12. HP: 19/70 MP: 19/22
  9257 | D:9      | Identified the cursed +2 quarterstaff "Gaze Upon Infinity"
                  | {spect, Comp, Alch} (You took it off Joseph on level 7 of
                  | the Dungeon)
  9261 | D:9      | Identified the cursed +2 quarterstaff "Gaze Upon Infinity"
                  | {spect, Comp, Alch} (You took it off Joseph on level 7 of
                  | the Dungeon)
  9347 | D:9      | Identified the cursed +2 quarterstaff "Gaze Upon Infinity"
                  | {spect, Comp, Alch} (You took it off Joseph on level 7 of
                  | the Dungeon)
  9348 | D:9      | Reached skill level 1 in Armour
  9374 | D:9      | Identified the cursed +2 quarterstaff "Gaze Upon Infinity"
                  | {spect, Comp, Alch} (You took it off Joseph on level 7 of
                  | the Dungeon)
  9390 | D:9      | Identified the cursed +2 quarterstaff "Gaze Upon Infinity"
                  | {spect, Comp, Alch} (You took it off Joseph on level 7 of
                  | the Dungeon)
  9394 | D:9      | Identified the cursed +2 quarterstaff "Gaze Upon Infinity"
                  | {spect, Comp, Alch} (You took it off Joseph on level 7 of
                  | the Dungeon)
  9413 | D:9      | Identified the cursed +2 quarterstaff "Gaze Upon Infinity"
                  | {spect, Comp, Alch} (You took it off Joseph on level 7 of
                  | the Dungeon)
  9432 | D:9      | Noticed a centaur warrior
  9433 | D:9      | Noticed a centaur warrior
  9433 | D:9      | Noticed a centaur warrior
  9443 | D:9      | Killed a centaur warrior
  9446 | D:9      | Killed a centaur warrior
  9448 | D:9      | Killed a centaur warrior
  9709 | D:10     | Entered Level 10 of the Dungeon
  9715 | D:10     | Found a runed translucent gate.
  9715 | D:10     | Found a runed translucent gate.
  9715 | D:10     | Found a runed translucent gate.
  9798 | D:10     | Found a staircase to the Orcish Mines.
  9799 | D:10     | Identified the cursed +2 quarterstaff "Gaze Upon Infinity"
                  | {spect, Comp, Alch} (You took it off Joseph on level 7 of
                  | the Dungeon)
  9804 | D:10     | Identified the cursed +2 quarterstaff "Gaze Upon Infinity"
                  | {spect, Comp, Alch} (You took it off Joseph on level 7 of
                  | the Dungeon)
  9836 | D:10     | Identified the cursed +2 quarterstaff "Gaze Upon Infinity"
                  | {spect, Comp, Alch} (You took it off Joseph on level 7 of
                  | the Dungeon)
  9848 | D:10     | Identified the cursed +2 quarterstaff "Gaze Upon Infinity"
                  | {spect, Comp, Alch} (You took it off Joseph on level 7 of
                  | the Dungeon)
  9907 | D:10     | Found a white marble altar of Elyvilon.
  9907 | D:10     | Found a hide-covered altar of Uskayaw.
  9908 | D:10     | Found a sparkling altar of Nemelex Xobeh.
  9923 | D:10     | Found an opulent altar of Gozag.
  9965 | D:10     | Identified the cursed +2 quarterstaff "Gaze Upon Infinity"
                  | {spect, Comp, Alch} (You took it off Joseph on level 7 of
                  | the Dungeon)
  9977 | D:10     | Identified the cursed +2 quarterstaff "Gaze Upon Infinity"
                  | {spect, Comp, Alch} (You took it off Joseph on level 7 of
                  | the Dungeon)
  9991 | D:10     | Identified the cursed +2 quarterstaff "Gaze Upon Infinity"
                  | {spect, Comp, Alch} (You took it off Joseph on level 7 of
                  | the Dungeon)
 10013 | D:10     | Noticed Gastronok
 10052 | D:10     | Killed Gastronok
 10084 | D:10     | Identified the cursed +2 quarterstaff "Gaze Upon Infinity"
                  | {spect, Comp, Alch} (You took it off Joseph on level 7 of
                  | the Dungeon)
 10087 | D:10     | Identified the cursed +2 quarterstaff "Gaze Upon Infinity"
                  | {spect, Comp, Alch} (You took it off Joseph on level 7 of
                  | the Dungeon)
 10088 | D:10     | Reached skill level 5 in Armour
 10090 | D:10     | Identified the cursed +2 quarterstaff "Gaze Upon Infinity"
                  | {spect, Comp, Alch} (You took it off Joseph on level 7 of
                  | the Dungeon)
 10091 | D:10     | Identified the cursed +2 quarterstaff "Gaze Upon Infinity"
                  | {spect, Comp, Alch} (You took it off Joseph on level 7 of
                  | the Dungeon)
 10102 | D:10     | Learned a level 7 spell: Orb of Destruction
 10189 | D:10     | Identified the cursed +2 quarterstaff "Gaze Upon Infinity"
                  | {spect, Comp, Alch} (You took it off Joseph on level 7 of
                  | the Dungeon)
 10347 | D:10     | Identified the cursed +2 quarterstaff "Gaze Upon Infinity"
                  | {spect, Comp, Alch} (You took it off Joseph on level 7 of
                  | the Dungeon)
 10356 | D:10     | Identified the cursed +2 quarterstaff "Gaze Upon Infinity"
                  | {spect, Comp, Alch} (You took it off Joseph on level 7 of
                  | the Dungeon)
 10395 | D:10     | Identified the cursed +2 quarterstaff "Gaze Upon Infinity"
                  | {spect, Comp, Alch} (You took it off Joseph on level 7 of
                  | the Dungeon)
 10411 | D:10     | Noticed a centaur warrior
 10411 | D:10     | Identified the +0 robe "Iwachuoz" {-Cast rElec Str+3}
 10416 | D:10     | Identified the cursed +2 quarterstaff "Gaze Upon Infinity"
                  | {spect, Comp, Alch} (You took it off Joseph on level 7 of
                  | the Dungeon)
 10420 | D:10     | Identified the cursed +2 quarterstaff "Gaze Upon Infinity"
                  | {spect, Comp, Alch} (You took it off Joseph on level 7 of
                  | the Dungeon)
 10430 | D:10     | Killed a centaur warrior
 10456 | D:10     | Identified the cursed +2 quarterstaff "Gaze Upon Infinity"
                  | {spect, Comp, Alch} (You took it off Joseph on level 7 of
                  | the Dungeon)
 10460 | D:10     | Identified the cursed +2 quarterstaff "Gaze Upon Infinity"
                  | {spect, Comp, Alch} (You took it off Joseph on level 7 of
                  | the Dungeon)
 10527 | D:10     | Identified the cursed +2 quarterstaff "Gaze Upon Infinity"
                  | {spect, Comp, Alch} (You took it off Joseph on level 7 of
                  | the Dungeon)
 10536 | D:10     | Identified the cursed +2 quarterstaff "Gaze Upon Infinity"
                  | {spect, Comp, Alch} (You took it off Joseph on level 7 of
                  | the Dungeon)
 10544 | D:10     | Reached XP level 13. HP: 82/83 MP: 23/23
 10545 | D:10     | Identified the cursed +2 quarterstaff "Gaze Upon Infinity"
                  | {spect, Comp, Alch} (You took it off Joseph on level 7 of
                  | the Dungeon)
 10586 | D:10     | Identified the cursed +2 quarterstaff "Gaze Upon Infinity"
                  | {spect, Comp, Alch} (You took it off Joseph on level 7 of
                  | the Dungeon)
 10603 | D:10     | Identified the cursed +2 quarterstaff "Gaze Upon Infinity"
                  | {spect, Comp, Alch} (You took it off Joseph on level 7 of
                  | the Dungeon)
 10623 | D:10     | Identified the cursed +2 quarterstaff "Gaze Upon Infinity"
                  | {spect, Comp, Alch} (You took it off Joseph on level 7 of
                  | the Dungeon)
 10659 | D:10     | Identified the +8 chain mail of the Bulwark {Dex+4}
 10679 | D:10     | Reached skill level 5 in Evocations
 10689 | D:10     | Identified the cursed +2 quarterstaff "Gaze Upon Infinity"
                  | {spect, Comp, Alch} (You took it off Joseph on level 7 of
                  | the Dungeon)
 10725 | D:10     | Identified the cursed +2 quarterstaff "Gaze Upon Infinity"
                  | {spect, Comp, Alch} (You took it off Joseph on level 7 of
                  | the Dungeon)
 10729 | D:10     | Identified the cursed +2 quarterstaff "Gaze Upon Infinity"
                  | {spect, Comp, Alch} (You took it off Joseph on level 7 of
                  | the Dungeon)
 10730 | D:10     | Noticed a fire dragon
 10743 | D:10     | Killed a fire dragon
 10789 | D:10     | Identified the cursed +2 quarterstaff "Gaze Upon Infinity"
                  | {spect, Comp, Alch} (You took it off Joseph on level 7 of
                  | the Dungeon)
 10886 | D:10     | Found a sacrificial altar of Ru.
 11203 | D:11     | Found a runed translucent door.
 11214 | D:11     | Found the +10 tower shield of Ignorance {rN+ Int-4}
 11220 | D:11     | Found a runed translucent door.
 11223 | D:11     | Identified the cursed +2 quarterstaff "Gaze Upon Infinity"
                  | {spect, Comp, Alch} (You took it off Joseph on level 7 of
                  | the Dungeon)
 11235 | D:11     | Reached *** piety under Ashenzari
 11247 | D:11     | Identified the cursed +2 quarterstaff "Gaze Upon Infinity"
                  | {spect, Comp, Alch} (You took it off Joseph on level 7 of
                  | the Dungeon)
 11308 | D:11     | Identified the cursed +2 quarterstaff "Gaze Upon Infinity"
                  | {spect, Comp, Alch} (You took it off Joseph on level 7 of
                  | the Dungeon)
 11344 | D:11     | Identified the staff "Fieloid" {rElec Int+3 Stlth+ Air}
 11409 | D:11     | Identified the cursed +2 quarterstaff "Gaze Upon Infinity"
                  | {spect, Comp, Alch} (You took it off Joseph on level 7 of
                  | the Dungeon)
 11451 | D:11     | Identified the cursed +2 quarterstaff "Gaze Upon Infinity"
                  | {spect, Comp, Alch} (You took it off Joseph on level 7 of
                  | the Dungeon)
 11453 | D:11     | Identified the cursed +2 quarterstaff "Gaze Upon Infinity"
                  | {spect, Comp, Alch} (You took it off Joseph on level 7 of
                  | the Dungeon)
 11502 | D:11     | Identified the cursed +2 quarterstaff "Gaze Upon Infinity"
                  | {spect, Comp, Alch} (You took it off Joseph on level 7 of
                  | the Dungeon)
 11614 | D:11     | Identified the cursed +2 quarterstaff "Gaze Upon Infinity"
                  | {spect, Comp, Alch} (You took it off Joseph on level 7 of
                  | the Dungeon)
 11621 | D:11     | Identified the cursed +2 quarterstaff "Gaze Upon Infinity"
                  | {spect, Comp, Alch} (You took it off Joseph on level 7 of
                  | the Dungeon)
 11724 | D:11     | Reached **** piety under Ashenzari
 11731 | D:11     | Identified the cursed +2 quarterstaff "Gaze Upon Infinity"
                  | {spect, Comp, Alch} (You took it off Joseph on level 7 of
                  | the Dungeon)
 11753 | D:11     | Identified the cursed +2 quarterstaff "Gaze Upon Infinity"
                  | {spect, Comp, Alch} (You took it off Joseph on level 7 of
                  | the Dungeon)
 11766 | D:11     | Identified the cursed +2 quarterstaff "Gaze Upon Infinity"
                  | {spect, Comp, Alch} (You took it off Joseph on level 7 of
                  | the Dungeon)
 11877 | Lair:1   | Entered Level 1 of the Lair of Beasts
 11881 | Lair:1   | Identified the cursed +2 quarterstaff "Gaze Upon Infinity"
                  | {spect, Comp, Alch} (You took it off Joseph on level 7 of
                  | the Dungeon)
 11885 | Lair:1   | Identified the cursed +2 quarterstaff "Gaze Upon Infinity"
                  | {spect, Comp, Alch} (You took it off Joseph on level 7 of
                  | the Dungeon)
 11889 | Lair:1   | Identified the cursed +2 quarterstaff "Gaze Upon Infinity"
                  | {spect, Comp, Alch} (You took it off Joseph on level 7 of
                  | the Dungeon)
 11893 | Lair:1   | Identified the cursed +2 quarterstaff "Gaze Upon Infinity"
                  | {spect, Comp, Alch} (You took it off Joseph on level 7 of
                  | the Dungeon)
 11935 | Lair:1   | Identified the cursed +2 quarterstaff "Gaze Upon Infinity"
                  | {spect, Comp, Alch} (You took it off Joseph on level 7 of
                  | the Dungeon)
 11965 | Lair:1   | Identified the cursed +2 quarterstaff "Gaze Upon Infinity"
                  | {spect, Comp, Alch} (You took it off Joseph on level 7 of
                  | the Dungeon)
 11992 | Lair:1   | Identified the cursed +2 quarterstaff "Gaze Upon Infinity"
                  | {spect, Comp, Alch} (You took it off Joseph on level 7 of
                  | the Dungeon)
 12037 | Lair:1   | Identified the cursed +2 quarterstaff "Gaze Upon Infinity"
                  | {spect, Comp, Alch} (You took it off Joseph on level 7 of
                  | the Dungeon)
 12060 | Lair:1   | Identified the cursed +2 quarterstaff "Gaze Upon Infinity"
                  | {spect, Comp, Alch} (You took it off Joseph on level 7 of
                  | the Dungeon)
 12068 | Lair:1   | Identified the cursed +2 quarterstaff "Gaze Upon Infinity"
                  | {spect, Comp, Alch} (You took it off Joseph on level 7 of
                  | the Dungeon)
 12071 | Lair:1   | Identified the cursed +2 quarterstaff "Gaze Upon Infinity"
                  | {spect, Comp, Alch} (You took it off Joseph on level 7 of
                  | the Dungeon)
 12095 | Lair:1   | Identified the cursed +2 quarterstaff "Gaze Upon Infinity"
                  | {spect, Comp, Alch} (You took it off Joseph on level 7 of
                  | the Dungeon)
 12134 | Lair:1   | Identified the cursed +2 quarterstaff "Gaze Upon Infinity"
                  | {spect, Comp, Alch} (You took it off Joseph on level 7 of
                  | the Dungeon)
 12139 | Lair:1   | Identified the cursed +2 quarterstaff "Gaze Upon Infinity"
                  | {spect, Comp, Alch} (You took it off Joseph on level 7 of
                  | the Dungeon)
 12175 | Lair:1   | Identified the cursed +2 quarterstaff "Gaze Upon Infinity"
                  | {spect, Comp, Alch} (You took it off Joseph on level 7 of
                  | the Dungeon)
 12177 | Lair:1   | Identified the cursed +2 quarterstaff "Gaze Upon Infinity"
                  | {spect, Comp, Alch} (You took it off Joseph on level 7 of
                  | the Dungeon)
 12181 | Lair:1   | Identified the cursed +2 quarterstaff "Gaze Upon Infinity"
                  | {spect, Comp, Alch} (You took it off Joseph on level 7 of
                  | the Dungeon)
 12193 | Lair:1   | Identified the cursed +2 quarterstaff "Gaze Upon Infinity"
                  | {spect, Comp, Alch} (You took it off Joseph on level 7 of
                  | the Dungeon)
 12199 | Lair:1   | Reached skill level 5 in Dodging
 12336 | Lair:1   | Identified the +0 robe "Luihel" {Rampage *Slow rElec rCorr}
 12372 | Lair:1   | Identified the cursed +2 quarterstaff "Gaze Upon Infinity"
                  | {spect, Comp, Alch} (You took it off Joseph on level 7 of
                  | the Dungeon)
 12374 | Lair:1   | Identified the cursed +2 quarterstaff "Gaze Upon Infinity"
                  | {spect, Comp, Alch} (You took it off Joseph on level 7 of
                  | the Dungeon)
 12397 | Lair:1   | Identified the cursed +2 quarterstaff "Gaze Upon Infinity"
                  | {spect, Comp, Alch} (You took it off Joseph on level 7 of
                  | the Dungeon)
 12413 | Lair:1   | Identified the cursed +2 quarterstaff "Gaze Upon Infinity"
                  | {spect, Comp, Alch} (You took it off Joseph on level 7 of
                  | the Dungeon)
 12547 | Lair:1   | Identified the cursed +2 quarterstaff "Gaze Upon Infinity"
                  | {spect, Comp, Alch} (You took it off Joseph on level 7 of
                  | the Dungeon)
 12715 | Lair:2   | Found a runed translucent door.
 12723 | Lair:2   | Noticed Pi314's ghost (journeyman DrCj)
 12723 | Lair:2   | Identified the +2 spear "Weaqina" {flame, Drain rF++}
 12770 | Lair:2   | Identified the cursed +2 quarterstaff "Gaze Upon Infinity"
                  | {spect, Comp, Alch} (You took it off Joseph on level 7 of
                  | the Dungeon)
 12775 | Lair:2   | Identified the cursed +2 quarterstaff "Gaze Upon Infinity"
                  | {spect, Comp, Alch} (You took it off Joseph on level 7 of
                  | the Dungeon)
 12777 | Lair:2   | Reached skill level 10 in Fighting
 12938 | Lair:2   | Found a staircase to the Snake Pit.
 12947 | Lair:2   | Gained mutation: Your large and strong wings let you fly.
                  | [Gargoyle growth]
 12947 | Lair:2   | Reached XP level 14. HP: 92/92 MP: 23/26
 12950 | Lair:2   | Identified the cursed +2 quarterstaff "Gaze Upon Infinity"
                  | {spect, Comp, Alch} (You took it off Joseph on level 7 of
                  | the Dungeon)
 12981 | Lair:2   | Identified the cursed +2 quarterstaff "Gaze Upon Infinity"
                  | {spect, Comp, Alch} (You took it off Joseph on level 7 of
                  | the Dungeon)
 12985 | Lair:2   | Identified the cursed +2 quarterstaff "Gaze Upon Infinity"
                  | {spect, Comp, Alch} (You took it off Joseph on level 7 of
                  | the Dungeon)
 12989 | Lair:2   | Identified the cursed +2 quarterstaff "Gaze Upon Infinity"
                  | {spect, Comp, Alch} (You took it off Joseph on level 7 of
                  | the Dungeon)
 13031 | Lair:2   | Identified the cursed +2 quarterstaff "Gaze Upon Infinity"
                  | {spect, Comp, Alch} (You took it off Joseph on level 7 of
                  | the Dungeon)
 13039 | Lair:2   | Identified the cursed +2 quarterstaff "Gaze Upon Infinity"
                  | {spect, Comp, Alch} (You took it off Joseph on level 7 of
                  | the Dungeon)
 13067 | Lair:2   | Identified the cursed +2 quarterstaff "Gaze Upon Infinity"
                  | {spect, Comp, Alch} (You took it off Joseph on level 7 of
                  | the Dungeon)
 13071 | Lair:2   | Identified the cursed +2 quarterstaff "Gaze Upon Infinity"
                  | {spect, Comp, Alch} (You took it off Joseph on level 7 of
                  | the Dungeon)
 13075 | Lair:2   | Identified the cursed +2 quarterstaff "Gaze Upon Infinity"
                  | {spect, Comp, Alch} (You took it off Joseph on level 7 of
                  | the Dungeon)
 13075 | Lair:2   | Noticed Fannar
 13079 | Lair:2   | Identified the cursed +2 quarterstaff "Gaze Upon Infinity"
                  | {spect, Comp, Alch} (You took it off Joseph on level 7 of
                  | the Dungeon)
 13081 | Lair:2   | Identified the cursed +2 quarterstaff "Gaze Upon Infinity"
                  | {spect, Comp, Alch} (You took it off Joseph on level 7 of
                  | the Dungeon)
 13095 | Lair:2   | Killed Fannar
 13240 | Lair:2   | Identified the cursed +2 quarterstaff "Gaze Upon Infinity"
                  | {spect, Comp, Alch} (You took it off Joseph on level 7 of
                  | the Dungeon)
 13245 | Lair:2   | Identified the cursed +2 quarterstaff "Gaze Upon Infinity"
                  | {spect, Comp, Alch} (You took it off Joseph on level 7 of
                  | the Dungeon)
 13312 | Lair:2   | Identified the cursed +2 quarterstaff "Gaze Upon Infinity"
                  | {spect, Comp, Alch} (You took it off Joseph on level 7 of
                  | the Dungeon)
 13315 | Lair:2   | Identified the cursed +2 quarterstaff "Gaze Upon Infinity"
                  | {spect, Comp, Alch} (You took it off Joseph on level 7 of
                  | the Dungeon)
 13420 | Lair:2   | Identified the cursed +2 quarterstaff "Gaze Upon Infinity"
                  | {spect, Comp, Alch} (You took it off Joseph on level 7 of
                  | the Dungeon)
 13436 | Lair:2   | Identified the cursed +2 quarterstaff "Gaze Upon Infinity"
                  | {spect, Comp, Alch} (You took it off Joseph on level 7 of
                  | the Dungeon)
 13563 | Lair:2   | Found a staircase to the Shoals.
 13683 | Lair:2   | Identified the cursed +2 quarterstaff "Gaze Upon Infinity"
                  | {spect, Comp, Alch} (You took it off Joseph on level 7 of
                  | the Dungeon)
 13687 | Lair:2   | Identified the cursed +2 quarterstaff "Gaze Upon Infinity"
                  | {spect, Comp, Alch} (You took it off Joseph on level 7 of
                  | the Dungeon)
 13691 | Lair:2   | Identified the cursed +2 quarterstaff "Gaze Upon Infinity"
                  | {spect, Comp, Alch} (You took it off Joseph on level 7 of
                  | the Dungeon)
 13715 | Lair:2   | Killed Pi314's ghost
 13939 | Lair:3   | Identified the cursed +2 quarterstaff "Gaze Upon Infinity"
                  | {spect, Comp, Alch} (You took it off Joseph on level 7 of
                  | the Dungeon)
 13998 | Lair:3   | Identified the cursed +2 quarterstaff "Gaze Upon Infinity"
                  | {spect, Comp, Alch} (You took it off Joseph on level 7 of
                  | the Dungeon)
 14034 | Lair:3   | Identified the cursed +2 quarterstaff "Gaze Upon Infinity"
                  | {spect, Comp, Alch} (You took it off Joseph on level 7 of
                  | the Dungeon)
 14038 | Lair:3   | Identified the cursed +2 quarterstaff "Gaze Upon Infinity"
                  | {spect, Comp, Alch} (You took it off Joseph on level 7 of
                  | the Dungeon)
 14039 | Lair:3   | Reached skill level 15 in Conjurations
 14043 | Lair:3   | Identified the cursed +2 quarterstaff "Gaze Upon Infinity"
                  | {spect, Comp, Alch} (You took it off Joseph on level 7 of
                  | the Dungeon)
 14332 | Lair:3   | Identified the cursed +2 quarterstaff "Gaze Upon Infinity"
                  | {spect, Comp, Alch} (You took it off Joseph on level 7 of
                  | the Dungeon)
 14334 | Lair:3   | Identified the cursed +2 quarterstaff "Gaze Upon Infinity"
                  | {spect, Comp, Alch} (You took it off Joseph on level 7 of
                  | the Dungeon)
 14335 | Lair:3   | Identified the cursed +2 quarterstaff "Gaze Upon Infinity"
                  | {spect, Comp, Alch} (You took it off Joseph on level 7 of
                  | the Dungeon)
 14711 | Lair:4   | Identified the cursed +2 quarterstaff "Gaze Upon Infinity"
                  | {spect, Comp, Alch} (You took it off Joseph on level 7 of
                  | the Dungeon)
 14722 | Lair:4   | Identified the cursed +2 quarterstaff "Gaze Upon Infinity"
                  | {spect, Comp, Alch} (You took it off Joseph on level 7 of
                  | the Dungeon)
 14726 | Lair:4   | Identified the cursed +2 quarterstaff "Gaze Upon Infinity"
                  | {spect, Comp, Alch} (You took it off Joseph on level 7 of
                  | the Dungeon)
 14732 | Lair:4   | Identified the cursed +2 quarterstaff "Gaze Upon Infinity"
                  | {spect, Comp, Alch} (You took it off Joseph on level 7 of
                  | the Dungeon)
 14767 | Lair:4   | Identified the cursed +2 quarterstaff "Gaze Upon Infinity"
                  | {spect, Comp, Alch} (You took it off Joseph on level 7 of
                  | the Dungeon)
 14802 | Lair:4   | Identified the cursed +2 quarterstaff "Gaze Upon Infinity"
                  | {spect, Comp, Alch} (You took it off Joseph on level 7 of
                  | the Dungeon)
 14807 | Lair:4   | Identified the cursed +2 quarterstaff "Gaze Upon Infinity"
                  | {spect, Comp, Alch} (You took it off Joseph on level 7 of
                  | the Dungeon)
 14825 | Lair:4   | Identified the cursed +2 quarterstaff "Gaze Upon Infinity"
                  | {spect, Comp, Alch} (You took it off Joseph on level 7 of
                  | the Dungeon)
 15008 | Lair:4   | Noticed Rupert
 15008 | Lair:4   | Paralysed by Rupert for 3 turns
 15024 | Lair:4   | Killed Rupert
 15070 | Lair:4   | Identified the cursed +2 quarterstaff "Gaze Upon Infinity"
                  | {spect, Comp, Alch} (You took it off Joseph on level 7 of
                  | the Dungeon)
 15075 | Lair:4   | Identified the cursed +2 quarterstaff "Gaze Upon Infinity"
                  | {spect, Comp, Alch} (You took it off Joseph on level 7 of
                  | the Dungeon)
 15085 | Lair:4   | Identified the cursed +2 quarterstaff "Gaze Upon Infinity"
                  | {spect, Comp, Alch} (You took it off Joseph on level 7 of
                  | the Dungeon)
 15090 | Lair:4   | Identified the cursed +2 quarterstaff "Gaze Upon Infinity"
                  | {spect, Comp, Alch} (You took it off Joseph on level 7 of
                  | the Dungeon)
 15099 | Lair:4   | Identified the cursed +2 quarterstaff "Gaze Upon Infinity"
                  | {spect, Comp, Alch} (You took it off Joseph on level 7 of
                  | the Dungeon)
 15115 | Lair:4   | Identified the cursed +2 quarterstaff "Gaze Upon Infinity"
                  | {spect, Comp, Alch} (You took it off Joseph on level 7 of
                  | the Dungeon)
 15124 | Lair:4   | Identified the cursed +2 quarterstaff "Gaze Upon Infinity"
                  | {spect, Comp, Alch} (You took it off Joseph on level 7 of
                  | the Dungeon)
 15133 | Lair:4   | Identified the cursed +2 quarterstaff "Gaze Upon Infinity"
                  | {spect, Comp, Alch} (You took it off Joseph on level 7 of
                  | the Dungeon)
 15136 | Lair:4   | Identified the cursed +2 quarterstaff "Gaze Upon Infinity"
                  | {spect, Comp, Alch} (You took it off Joseph on level 7 of
                  | the Dungeon)
 15164 | Lair:4   | Identified the cursed +2 quarterstaff "Gaze Upon Infinity"
                  | {spect, Comp, Alch} (You took it off Joseph on level 7 of
                  | the Dungeon)
 15191 | Lair:4   | Identified the cursed +2 quarterstaff "Gaze Upon Infinity"
                  | {spect, Comp, Alch} (You took it off Joseph on level 7 of
                  | the Dungeon)
 15196 | Lair:4   | Identified the cursed +2 quarterstaff "Gaze Upon Infinity"
                  | {spect, Comp, Alch} (You took it off Joseph on level 7 of
                  | the Dungeon)
 15206 | Lair:4   | Identified the cursed +2 quarterstaff "Gaze Upon Infinity"
                  | {spect, Comp, Alch} (You took it off Joseph on level 7 of
                  | the Dungeon)
 15209 | Lair:4   | Identified the cursed +2 quarterstaff "Gaze Upon Infinity"
                  | {spect, Comp, Alch} (You took it off Joseph on level 7 of
                  | the Dungeon)
 15214 | Lair:4   | Identified the cursed +2 quarterstaff "Gaze Upon Infinity"
                  | {spect, Comp, Alch} (You took it off Joseph on level 7 of
                  | the Dungeon)
 15223 | Lair:4   | Identified the cursed +2 quarterstaff "Gaze Upon Infinity"
                  | {spect, Comp, Alch} (You took it off Joseph on level 7 of
                  | the Dungeon)
 15253 | Lair:4   | Identified the cursed +2 quarterstaff "Gaze Upon Infinity"
                  | {spect, Comp, Alch} (You took it off Joseph on level 7 of
                  | the Dungeon)
 15255 | Lair:4   | Identified the cursed +2 quarterstaff "Gaze Upon Infinity"
                  | {spect, Comp, Alch} (You took it off Joseph on level 7 of
                  | the Dungeon)
 15273 | Lair:4   | Identified the cursed +2 quarterstaff "Gaze Upon Infinity"
                  | {spect, Comp, Alch} (You took it off Joseph on level 7 of
                  | the Dungeon)
 15277 | Lair:4   | Identified the cursed +2 quarterstaff "Gaze Upon Infinity"
                  | {spect, Comp, Alch} (You took it off Joseph on level 7 of
                  | the Dungeon)
 15333 | Lair:4   | Identified the cursed +2 quarterstaff "Gaze Upon Infinity"
                  | {spect, Comp, Alch} (You took it off Joseph on level 7 of
                  | the Dungeon)
 15337 | Lair:4   | Identified the cursed +2 quarterstaff "Gaze Upon Infinity"
                  | {spect, Comp, Alch} (You took it off Joseph on level 7 of
                  | the Dungeon)
 15383 | Lair:4   | Identified the cursed +2 quarterstaff "Gaze Upon Infinity"
                  | {spect, Comp, Alch} (You took it off Joseph on level 7 of
                  | the Dungeon)
 15386 | Lair:4   | Identified the cursed +2 quarterstaff "Gaze Upon Infinity"
                  | {spect, Comp, Alch} (You took it off Joseph on level 7 of
                  | the Dungeon)
 15388 | Lair:4   | Identified the cursed +2 quarterstaff "Gaze Upon Infinity"
                  | {spect, Comp, Alch} (You took it off Joseph on level 7 of
                  | the Dungeon)
 15390 | Lair:4   | Identified the cursed +2 quarterstaff "Gaze Upon Infinity"
                  | {spect, Comp, Alch} (You took it off Joseph on level 7 of
                  | the Dungeon)
 15713 | Lair:5   | Entered Level 5 of the Lair of Beasts
 15718 | Lair:5   | Identified the cursed +2 quarterstaff "Gaze Upon Infinity"
                  | {spect, Comp, Alch} (You took it off Joseph on level 7 of
                  | the Dungeon)
 15745 | Lair:5   | Identified the cursed +2 quarterstaff "Gaze Upon Infinity"
                  | {spect, Comp, Alch} (You took it off Joseph on level 7 of
                  | the Dungeon)
 15750 | Lair:5   | Identified the cursed +2 quarterstaff "Gaze Upon Infinity"
                  | {spect, Comp, Alch} (You took it off Joseph on level 7 of
                  | the Dungeon)
 15764 | Lair:5   | Identified the cursed +2 quarterstaff "Gaze Upon Infinity"
                  | {spect, Comp, Alch} (You took it off Joseph on level 7 of
                  | the Dungeon)
 15768 | Lair:5   | Identified the cursed +2 quarterstaff "Gaze Upon Infinity"
                  | {spect, Comp, Alch} (You took it off Joseph on level 7 of
                  | the Dungeon)
 15793 | Lair:5   | Identified the cursed +2 quarterstaff "Gaze Upon Infinity"
                  | {spect, Comp, Alch} (You took it off Joseph on level 7 of
                  | the Dungeon)
 15795 | Lair:5   | Identified the cursed +2 quarterstaff "Gaze Upon Infinity"
                  | {spect, Comp, Alch} (You took it off Joseph on level 7 of
                  | the Dungeon)
 15955 | Lair:5   | Noticed Dirtsage's ghost (journeyman DsFi)
 15956 | Lair:5   | Found a transporter.
 15973 | Lair:5   | Identified the cursed +2 quarterstaff "Gaze Upon Infinity"
                  | {spect, Comp, Alch} (You took it off Joseph on level 7 of
                  | the Dungeon)
 15978 | Lair:5   | Identified the cursed +2 quarterstaff "Gaze Upon Infinity"
                  | {spect, Comp, Alch} (You took it off Joseph on level 7 of
                  | the Dungeon)
 15982 | Lair:5   | Identified the cursed +2 quarterstaff "Gaze Upon Infinity"
                  | {spect, Comp, Alch} (You took it off Joseph on level 7 of
                  | the Dungeon)
 15984 | Lair:5   | Identified the cursed +2 quarterstaff "Gaze Upon Infinity"
                  | {spect, Comp, Alch} (You took it off Joseph on level 7 of
                  | the Dungeon)
 16214 | Lair:5   | Found a transporter.
 16297 | Lair:5   | Reached XP level 15. HP: 100/100 MP: 29/29
 16313 | Lair:5   | Identified the cursed +2 quarterstaff "Gaze Upon Infinity"
                  | {spect, Comp, Alch} (You took it off Joseph on level 7 of
                  | the Dungeon)
 16384 | Lair:5   | Identified the cursed +2 quarterstaff "Gaze Upon Infinity"
                  | {spect, Comp, Alch} (You took it off Joseph on level 7 of
                  | the Dungeon)
 16387 | Lair:5   | Identified the cursed +2 quarterstaff "Gaze Upon Infinity"
                  | {spect, Comp, Alch} (You took it off Joseph on level 7 of
                  | the Dungeon)
 16388 | Lair:5   | Identified the cursed +2 quarterstaff "Gaze Upon Infinity"
                  | {spect, Comp, Alch} (You took it off Joseph on level 7 of
                  | the Dungeon)
 16433 | Lair:5   | Identified the cursed +2 quarterstaff "Gaze Upon Infinity"
                  | {spect, Comp, Alch} (You took it off Joseph on level 7 of
                  | the Dungeon)
 16441 | Lair:5   | Identified the cursed +2 quarterstaff "Gaze Upon Infinity"
                  | {spect, Comp, Alch} (You took it off Joseph on level 7 of
                  | the Dungeon)
 16509 | Lair:5   | Identified the cursed +2 quarterstaff "Gaze Upon Infinity"
                  | {spect, Comp, Alch} (You took it off Joseph on level 7 of
                  | the Dungeon)
 16513 | Lair:5   | Identified the cursed +2 quarterstaff "Gaze Upon Infinity"
                  | {spect, Comp, Alch} (You took it off Joseph on level 7 of
                  | the Dungeon)
 16641 | Lair:5   | Identified the cursed +2 quarterstaff "Gaze Upon Infinity"
                  | {spect, Comp, Alch} (You took it off Joseph on level 7 of
                  | the Dungeon)
 16644 | Lair:5   | Identified the cursed +2 quarterstaff "Gaze Upon Infinity"
                  | {spect, Comp, Alch} (You took it off Joseph on level 7 of
                  | the Dungeon)
 16649 | Lair:5   | Identified the cursed +2 quarterstaff "Gaze Upon Infinity"
                  | {spect, Comp, Alch} (You took it off Joseph on level 7 of
                  | the Dungeon)
 16744 | Lair:5   | Identified the cursed +2 quarterstaff "Gaze Upon Infinity"
                  | {spect, Comp, Alch} (You took it off Joseph on level 7 of
                  | the Dungeon)
 16974 | Lair:5   | Found a staircase to the Slime Pits.
 16988 | Lair:5   | Identified the cursed +2 quarterstaff "Gaze Upon Infinity"
                  | {spect, Comp, Alch} (You took it off Joseph on level 7 of
                  | the Dungeon)
 17063 | Lair:5   | Upgraded the game from 0.31-a0-940-gdaa99269f9 to
                  | 0.31-a0-948-gf5be29c462
 17260 | D:11     | Identified the cursed +2 quarterstaff "Gaze Upon Infinity"
                  | {spect, Comp, Alch} (You took it off Joseph on level 7 of
                  | the Dungeon)
 17411 | D:12     | Found a portal to a secret trove of treasure.
 17591 | D:12     | Identified the cursed +2 quarterstaff "Gaze Upon Infinity"
                  | {spect, Comp, Alch} (You took it off Joseph on level 7 of
                  | the Dungeon)
 17701 | D:12     | Identified the cursed +2 quarterstaff "Gaze Upon Infinity"
                  | {spect, Comp, Alch} (You took it off Joseph on level 7 of
                  | the Dungeon)
 17714 | D:11     | Identified the cursed +2 quarterstaff "Gaze Upon Infinity"
                  | {spect, Comp, Alch} (You took it off Joseph on level 7 of
                  | the Dungeon)
 18003 | D:12     | Reached skill level 10 in Dodging
 18228 | D:12     | Found a shimmering altar of Xom.
 18445 | D:12     | Paralysed by a glass eye for 3 turns
 18451 | D:12     | Paralysed by a glass eye for 2 turns
 18453 | D:12     | Identified the cursed +2 quarterstaff "Gaze Upon Infinity"
                  | {spect, Comp, Alch} (You took it off Joseph on level 7 of
                  | the Dungeon)
 18457 | D:12     | Paralysed by a glass eye for 3 turns
 18461 | D:12     | Identified the cursed +2 quarterstaff "Gaze Upon Infinity"
                  | {spect, Comp, Alch} (You took it off Joseph on level 7 of
                  | the Dungeon)
 18463 | D:12     | Paralysed by a glass eye for 3 turns
 18466 | D:12     | Identified the cursed +2 quarterstaff "Gaze Upon Infinity"
                  | {spect, Comp, Alch} (You took it off Joseph on level 7 of
                  | the Dungeon)
 18931 | D:13     | Noticed Maurice
 18934 | D:13     | Killed Maurice
 19202 | D:13     | Noticed Urug
 19217 | D:13     | Killed Urug
 20497 | D:14     | Found a gate to the Vaults.
 20726 | D:15     | Entered Level 15 of the Dungeon
 20903 | D:15     | Found a staircase to the Depths.
 21127 | D:15     | Reached XP level 16. HP: 108/108 MP: 10/32
 21554 | D:15     | Identified the cursed +2 quarterstaff "Gaze Upon Infinity"
                  | {spect, Comp, Alch} (You took it off Joseph on level 7 of
                  | the Dungeon)
 21652 | D:15     | Identified the cursed +2 quarterstaff "Gaze Upon Infinity"
                  | {spect, Comp, Alch} (You took it off Joseph on level 7 of
                  | the Dungeon)
 22205 | Orc:1    | Entered Level 1 of the Orcish Mines
 22214 | Orc:1    | Identified the cursed +2 quarterstaff "Gaze Upon Infinity"
                  | {spect, Comp, Alch} (You took it off Joseph on level 7 of
                  | the Dungeon)
 22324 | Orc:1    | Identified the cursed +2 quarterstaff "Gaze Upon Infinity"
                  | {spect, Comp, Alch} (You took it off Joseph on level 7 of
                  | the Dungeon)
 22833 | Orc:2    | Entered Level 2 of the Orcish Mines
 22908 | Orc:2    | Found a burning altar of Makhleb.
 23218 | Orc:2    | Found a staircase to the Elven Halls.
 23695 | Orc:2    | Identified the cursed +2 quarterstaff "Gaze Upon Infinity"
                  | {spect, Comp, Alch} (You took it off Joseph on level 7 of
                  | the Dungeon)
 23737 | Orc:2    | Identified the cursed +2 quarterstaff "Gaze Upon Infinity"
                  | {spect, Comp, Alch} (You took it off Joseph on level 7 of
                  | the Dungeon)
 23908 | Orc:2    | Identified the cursed +2 quarterstaff "Gaze Upon Infinity"
                  | {spect, Comp, Alch} (You took it off Joseph on level 7 of
                  | the Dungeon)
 24137 | Orc:2    | Identified the cursed +2 quarterstaff "Gaze Upon Infinity"
                  | {spect, Comp, Alch} (You took it off Joseph on level 7 of
                  | the Dungeon)
 24196 | Orc:2    | Found Xept's Distillery.
 24196 | Orc:2    | Found Voireut's Antique Weapon Boutique.
 24197 | Orc:2    | Found Byofuobi's Weapon Shop.
 24197 | Orc:2    | Found Epecall's General Store.
 24209 | Orc:2    | Bought a potion of mutation for 136 gold pieces
 24212 | Orc:2    | Bought a potion of magic for 96 gold pieces
 24212 | Orc:2    | Bought a potion of brilliance for 48 gold pieces
 24212 | Orc:2    | Bought a potion of magic for 96 gold pieces
 24212 | Orc:2    | Bought a potion of brilliance for 48 gold pieces
 24212 | Orc:2    | Bought a potion of heal wounds for 60 gold pieces
 24440 | Orc:2    | Learned a level 7 spell: Spellforged Servitor
 24518 | Orc:2    | Bought a staff of conjuration for 425 gold pieces
 24734 | Snake:1  | Entered Level 1 of the Snake Pit
 24936 | Snake:1  | Reached skill level 1 in Summonings
 25568 | Snake:1  | Reached skill level 10 in Spellcasting
 25744 | Snake:2  | Noticed Kirke
 25845 | Snake:1  | Identified the cursed +2 cloak of the Cursed Planets
                  | {rCorr, Elem, Self} (You took it off Crazy Yiuf on level 5
                  | of the Dungeon)
 25845 | Snake:1  | Identified the cursed +2 pair of gloves "Ensconced With Me"
                  | {Fort, Self} (You found it on level 7 of the Dungeon)
 25845 | Snake:1  | Identified the cursed +0 troll leather armour "Chained
                  | Together" {Regen+, Pargi, Elem, Bglg} (You found it on
                  | level 3 of the Dungeon)
 25857 | Snake:1  | Killed Kirke
 25975 | Snake:2  | Reached skill level 1 in Staves
 26315 | Snake:2  | Reached XP level 17. HP: 112/112 MP: 33/33
 27219 | Snake:3  | Reached skill level 5 in Summonings
 27621 | Snake:3  | Noticed Saint Roka
 27683 | Snake:2  | Killed Saint Roka
 27849 | Snake:3  | Found Fofeojeg's Weapon Shop.
 28100 | Snake:4  | Entered Level 4 of the Snake Pit
 28850 | Snake:4  | Reached skill level 10 in Evocations
 29473 | Snake:4  | Reached XP level 18. HP: 117/117 MP: 36/36
 29839 | Snake:4  | Got a serpentine rune of Zot
 30148 | Shoals:1 | Entered Level 1 of the Shoals
 30632 | Shoals:1 | Found a runed translucent gate.
 30632 | Shoals:1 | Found a runed translucent gate.
 30633 | Shoals:1 | Found a runed translucent gate.
 30634 | Shoals:1 | Noticed Panea's ghost (adept FoCA)
 30634 | Shoals:1 | Noticed Wusuin's ghost (adept MiBe)
 30634 | Shoals:1 | Noticed Tosoun's ghost (adept DsGl)
 30636 | Shoals:1 | Identified the amulet "Itig" {Contam Rampage rN+ Regen+
                  | Int+5}
 30765 | Shoals:1 | Killed Tosoun's ghost
 30803 | Shoals:1 | Killed Panea's ghost
 30878 | Shoals:1 | Noticed Louise
 30893 | Shoals:1 | Killed Louise
 30959 | Shoals:1 | Found Zeakloma's Book Emporium.
 30993 | Shoals:1 | Killed Wusuin's ghost
 31876 | Shoals:2 | Found Tacvor's Distillery.
 31944 | Shoals:2 | Bought a potion of mutation for 136 gold pieces
 31944 | Shoals:2 | Bought a potion of mutation for 136 gold pieces
 31944 | Shoals:2 | Bought a potion of haste for 170 gold pieces
 31944 | Shoals:2 | Bought 2 potions of invisibility for 272 gold pieces
 31958 | Shoals:2 | Noticed Donald
 31963 | Shoals:2 | Killed Donald
 31964 | Shoals:2 | Reached skill level 10 in Summonings
 33754 | Shoals:4 | Entered Level 4 of the Shoals
 33818 | Shoals:4 | Found Garshasp's Dragon-Slaying Spoils.
 33870 | Shoals:4 | Found Cuegrog's Antique Armour Boutique.
 33889 | Shoals:4 | Reached XP level 19. HP: 120/124 MP: 14/38
 34012 | Shoals:4 | Reached skill level 10 in Armour
 34814 | Shoals:4 | Noticed Bai Suzhen
 34821 | Shoals:4 | Killed Bai Suzhen
 34822 | Shoals:4 | Reached skill level 5 in Staves
 35059 | Shoals:4 | Lost mutation: You are clumsy. (Dex -2) [potion of
                  | mutation]
 35059 | Shoals:4 | Gained mutation: Your movements are slightly less
                  | encumbered by armour. (ER -2) [potion of mutation]
 35059 | Shoals:4 | Gained mutation: You are dopey. (Int -2) [potion of
                  | mutation]
 35140 | Shoals:4 | Got a barnacled rune of Zot
 35760 | Desolati | Identified the "Qorunom"
 35760 | Desolati | Identified the "Vigarch"
 35760 | Desolati | Identified the of Uwuka Kea
 35760 | Desolati | Identified the "Hasun"
 35760 | Vaults:5 | Identified the "Qejuh"
 35760 | Elf:1    | Entered Level 1 of the Elven Halls
 36569 | Elf:1    | Found Wyanwij's Armour Shop.
 36588 | Elf:1    | Found Ufu Iwez's Weapon Shoppe.
 36702 | Elf:1    | Paralysed by an air elemental for 1 turns
 36843 | Elf:1    | Found Vittizom's Magic Scroll Emporium.
 36846 | Elf:1    | Bought a scroll of fear for 72 gold pieces
 36846 | Elf:1    | Bought a scroll of teleportation for 54 gold pieces
 37217 | Elf:2    | Noticed Jorgrun
 37231 | Elf:2    | Paralysed by an air elemental for 1 turns
 37236 | Elf:2    | Paralysed by an air elemental for 1 turns
 37353 | Elf:2    | Killed Jorgrun
 37649 | Elf:2    | Noticed Aizul
 37656 | Elf:2    | Killed Aizul
 37657 | Elf:2    | Reached XP level 20. HP: 126/131 MP: 25/39
 37800 | Elf:2    | Found a runed translucent gate.
 37801 | Elf:2    | Found a runed translucent gate.
 37801 | Elf:2    | Found a runed translucent gate.
 38160 | Elf:3    | Identified the "Widoan"
 38160 | Elf:3    | Identified the "Jeisheg"
 38160 | Elf:3    | Identified the of Jifrauli
 38160 | Elf:3    | Identified the "Epsid"
 38160 | Elf:3    | Identified the "Hixu"
 38160 | Elf:3    | Entered Level 3 of the Elven Halls
 38389 | Elf:3    | Reached ***** piety under Ashenzari
 38774 | Elf:3    | Found Ackiots's Distillery.
 38895 | Elf:3    | Reached skill level 15 in Armour
 39343 | Abyss:2  | Cast into level 2 of the Abyss (a deep elf demonologist)
 39430 | Elf:3    | Escaped the Abyss
 39600 | Elf:3    | Identified the +1 leather armour "Retianaa" {Rampage Drain
                  | rC+++ Stlth+}
 40043 | Elf:3    | Identified the +2 scale mail of the Great Game {Rampage}
 40173 | Elf:3    | Identified the +0 giant spiked club of the Saviour {flame,
                  | rPois Dex+9}
 40173 | Elf:3    | Identified the +0 ring mail "Voej" {Harm Int+3}
 40617 | Vaults:1 | Entered Level 1 of the Vaults
 40891 | Shoals:4 | Bought the +9 gold dragon scales "Kiwuit" {Drain +Inv rPois
                  | rF+ rC+ rCorr Dex+3} for 1811 gold pieces
 41396 | Vaults:1 | Identified the cursed +1 helmet "Enlightened Affliction"
                  | {Alch, Bglg} (You found it on level 3 of the Dungeon)
 41772 | Vaults:1 | Noticed Norris
 41812 | Vaults:1 | Killed Norris
 42068 | Vaults:1 | Noticed Asterion
 42078 | Vaults:1 | Killed Asterion
 42384 | Vaults:1 | Reached XP level 21. HP: 137/137 MP: 29/40
 43473 | Vaults:2 | Reached skill level 1 in Earth Magic
 43633 | Vaults:2 | Reached skill level 2 in Earth Magic
 43942 | Vaults:2 | Reached skill level 10 in Staves
 43971 | Vaults:2 | Reached skill level 3 in Earth Magic
 44605 | Shoals:4 | Bought a pair of boots for 162 gold pieces
 44973 | Vaults:2 | Noticed an ancient lich
 44988 | Vaults:2 | Killed an ancient lich
 44989 | Vaults:2 | Reached skill level 4 in Earth Magic
 45071 | Vaults:2 | Noticed Frederick
 45087 | Vaults:2 | Killed Frederick
 45088 | Vaults:2 | Reached skill level 15 in Fighting
 45455 | Vaults:2 | Reached skill level 5 in Earth Magic
 45984 | Vaults:2 | Found a staircase to the Crypt.
 46083 | Vaults:2 | Identified the amulet of Reimbursement {rF+ Regen+}
 46364 | Vaults:2 | Found Xaygui's Armour Shoppe.
 46490 | Vaults:2 | Identified the cursed +2 pair of boots of the Eternal
                  | Planets {Elem, Alch} (You bought it in a shop on level 4 of
                  | the Shoals)
 46490 | Vaults:2 | Identified the cursed +2 buckler "Seer of Ashenzari" {Self,
                  | Elem} (You found it on level 1 of the Elven Halls)
 46490 | Vaults:2 | Identified the cursed ring of Ashenzari's Irritation {AC+4,
                  | Fort, Bglg} (You found it on level 7 of the Dungeon)
 46555 | Vaults:3 | Reached skill level 6 in Earth Magic
 46712 | Vaults:3 | Found a crumbling gateway.
 46719 | Vaults:3 | Learned a level 3 spell: Ignite Poison
 46720 | Desolati | Entered the Desolation of Salt
 47168 | Desolati | Reached skill level 7 in Earth Magic
 47172 | Desolati | Reached XP level 22. HP: 139/152 MP: 11/42
 47319 | Desolati | Identified the +1 falchion of the Trees {drain, Dex+4}
 47546 | Desolati | Reached skill level 8 in Earth Magic
 47679 | Desolati | Identified the ring "Bopheehi" {Ice rN+ Will- Str+3}
 47800 | Desolati | Reached skill level 9 in Earth Magic
 47839 | Desolati | Identified the ring of Xom's Full Attention {rN+ AC+4
                  | Str+2}
 48139 | Desolati | Identified the +6 great mace "Nisov" {elec, rElec rN++
                  | Will+ Str+2}
 48184 | Desolati | Reached skill level 10 in Earth Magic
 48541 | Vaults:3 | Reached skill level 11 in Earth Magic
 48837 | Vaults:3 | Reached skill level 12 in Earth Magic
 48916 | Vaults:3 | Found Winudaalost's Antique Armour Shoppe.
 48925 | Vaults:3 | Reached ****** piety under Ashenzari
 49204 | Vaults:3 | Identified the cursed ring "I Knew You'd Do That" {Str+6,
                  | Comp, Bglg} (You found it on level 4 of the Shoals)
 49397 | Vaults:3 | Reached skill level 13 in Earth Magic
 49698 | Vaults:4 | Noticed Jory
 49729 | Vaults:4 | Killed Jory
 50058 | Vaults:4 | Reached skill level 14 in Earth Magic
 50540 | Vaults:4 | Noticed Mennas
 50661 | Vaults:4 | Killed Mennas
 50662 | Vaults:4 | Reached skill level 15 in Earth Magic
 50987 | Vaults:4 | Found a transporter.
 50995 | Vaults:4 | Identified the ring "Osoagopnur" {rN+ Str+3}
 50996 | Vaults:4 | Found a transporter.
 50996 | Vaults:4 | Identified the ring of Ameos {Drain rC+ Str+5}
 51170 | Vaults:4 | Reached XP level 23. HP: 133/156 MP: 38/43
 51660 | Slime:1  | Entered Level 1 of the Pits of Slime
 51665 | Slime:1  | Reached skill level 16 in Earth Magic
 51999 | Slime:2  | Reached skill level 17 in Earth Magic
 52435 | Slime:5  | Identified the "Xetsikif"
 52435 | Slime:5  | Entered Level 5 of the Pits of Slime
 52435 | Slime:5  | Found the +11 Singing Sword {sonic wave}
 52435 | Slime:5  | Identified the +6 morningstar "Vuib" {flame, Str+5}
 52499 | Slime:5  | Found a viscous altar of Jiyva.
 52588 | Slime:5  | Reached skill level 18 in Earth Magic
 52821 | Slime:5  | Identified the +1 long sword "Gebet" {venom, *Rage rElec
                  | Int+2}
 52824 | Slime:5  | Identified the +1 buckler of Jagiuzeu {rF- Will+ Dex+4}
 53351 | Slime:5  | Noticed the Royal Jelly
 53367 | Slime:5  | Killed the Royal Jelly
 53542 | Slime:5  | Reached skill level 19 in Earth Magic
 53544 | Slime:5  | Got a slimy rune of Zot
 54228 | Depths:1 | Entered Level 1 of the Depths
 54228 | Depths:1 | Found a gateway to Hell.
 54916 | Depths:1 | Found a one-way gateway to a ziggurat.
 54964 | Depths:1 | Found a one-way gate to the infinite horrors of the Abyss.
 55142 | Depths:1 | Found a one-way gate leading to the halls of Pandemonium.
 55219 | Depths:1 | Found a stormy altar of Qazlal.
 55294 | Depths:1 | Learned a level 9 spell: Shatter
 55324 | Depths:1 | Found a blossoming altar of Fedhas.
 55350 | Depths:1 | Reached skill level 20 in Earth Magic
 56442 | Depths:2 | Gained mutation: You are agile. (Dex +4, Str/Int -1) [a
                  | cacodemon]
 56712 | Depths:2 | Reached skill level 21 in Earth Magic
 56876 | Depths:2 | Noticed Mara
 56881 | Depths:2 | Noticed Flugkiller's illusion
 57287 | Depths:2 | Killed Mara
 57288 | Depths:2 | Reached XP level 24. HP: 163/163 MP: 24/43
 58398 | Depths:3 | Noticed Grunn
 58746 | Depths:3 | Reached skill level 22 in Earth Magic
 58961 | Depths:3 | Killed Grunn
 59647 | Depths:3 | Identified the amulet "Kiov Jin" {Faith rPois rN+ Slay-4}
 59942 | Depths:4 | Entered Level 4 of the Depths
 60285 | Depths:4 | Reached skill level 23 in Earth Magic
 60498 | Depths:4 | Noticed a caustic shrike
 60500 | Depths:4 | Killed a caustic shrike
 60501 | Depths:4 | Noticed a caustic shrike
 60503 | Depths:4 | Noticed a caustic shrike
 60508 | Depths:4 | Killed a caustic shrike
 60517 | Depths:4 | Killed a caustic shrike
 60558 | Depths:4 | Noticed a caustic shrike
 60562 | Depths:4 | Killed a caustic shrike
 61030 | Depths:4 | Noticed a juggernaut
 61054 | Depths:4 | Killed a juggernaut
 61319 | Depths:4 | Identified the +4 shortbow of Cuott {antimagic, rN+}
 61494 | Depths:4 | Found a white marble altar of Elyvilon.
 61703 | Depths:4 | Found a gate to the Realm of Zot.
 62657 | Zot:1    | Entered Level 1 of the Realm of Zot
 63266 | Zot:1    | Reached skill level 15 in Spellcasting
 63266 | Zot:1    | Reached XP level 25. HP: 161/168 MP: 34/46
 64181 | Zot:1    | Noticed an orb of fire
 64188 | Zot:1    | Killed an orb of fire
 66202 | Zot:2    | Noticed an orb of fire
 66205 | Zot:2    | Gained mutation: You occasionally shout uncontrollably at
                  | your foes. [an orb of fire]
 66209 | Zot:2    | Killed an orb of fire
 66859 | Zot:2    | Gained mutation: You occasionally lose the ability to drink
                  | potions when taking damage. [mutagenic glow]
 67446 | Zot:3    | Found a bloodstained altar of Trog.
 67446 | Zot:3    | Noticed Juzit's ghost (legendary GnFi)
 67446 | Zot:3    | Found the dreamshard necklace {Acrobat *Dream}
 67447 | Zot:3    | Identified the +1 cloak "Eschewul" {Will+ Slay+3}
 67447 | Zot:3    | Identified the +0 cloak of Proximity {rPois Int+2}
 67526 | Zot:3    | Reached skill level 1 in Shields
 67743 | Zot:3    | Found a transporter.
 67748 | Zot:3    | Found a transporter.
 68288 | Zot:4    | Reached XP level 26. HP: 170/171 MP: 32/49
 68615 | Zot:4    | Found the +4 dragonskin cloak
 68615 | Zot:4    | Noticed Tiamat
 68631 | Zot:4    | Killed Tiamat
 69033 | Zot:4    | Identified the +12 longbow of the Throat {elec, *Slow rF+
                  | SInv}
 69535 | Zot:5    | Entered Level 5 of the Realm of Zot
 69537 | Zot:5    | Noticed Shym's ghost (legendary DsWn)
 69538 | Zot:5    | Found a runed translucent gate.
 69539 | Zot:5    | Found a runed translucent gate.
 69539 | Zot:5    | Found a runed translucent gate.
 69817 | Zot:5    | Found the necklace of Bloodlust {Fury *Rage Will++ Int-3
                  | Slay+6}
 70568 | Zot:5    | Reached skill level 24 in Earth Magic
 70736 | Zot:5    | Noticed a Killer Klown
 70742 | Zot:5    | Killed a Killer Klown
 70743 | Zot:5    | Noticed an orb of fire
 70746 | Zot:5    | Noticed an orb of fire
 70748 | Zot:5    | Gained mutation: Your spells are a little easier to cast,
                  | but a little less powerful. [an orb of fire]
 70768 | Zot:5    | Killed an orb of fire
 70769 | Zot:5    | Lost mutation: You occasionally shout uncontrollably at
                  | your foes. [an orb of fire]
 70775 | Zot:5    | Killed an orb of fire
 70919 | Zot:5    | Noticed an orb of fire
 70923 | Zot:5    | Gained mutation: Potions are less effective at restoring
                  | your health. [an orb of fire]
 70927 | Zot:5    | Killed an orb of fire
 71013 | Zot:5    | Noticed an ancient lich
 71019 | Zot:5    | Killed an ancient lich
 71108 | Zot:5    | Noticed an orb of fire
 71116 | Zot:5    | Killed an orb of fire
 71284 | Zot:5    | Noticed an orb of fire
 71290 | Zot:5    | Killed an orb of fire
 71633 | Zot:5    | Learned a level 1 spell: Apportation
 71645 | Zot:5    | Got the Orb of Zot
 71683 | Zot:5    | Noticed a dread lich
 71843 | Depths:4 | Noticed Ihianev the pandemonium lord
 72208 | D:6      | Noticed Rezoch the pandemonium lord
 72210 | D:6      | Killed Rezoch the pandemonium lord
 72211 | D:6      | Reached XP level 27. HP: 177/177 MP: 25/50
 72355 | D:1      | gg
 72356 | D:$      | Escaped with the Orb!

Illustrated notes

#.#.##.# #{.....# #.
#.#.##.#####..#### #.
###.#.##....##..### #.
...#..#####.##[...## #.
###.### #......##..# #.
#.#####.#.#..###.### #.
#............#.#...# #.
#######.#.####.###.# #.
#....'..@..'.# #.
########.####### #.
#.............# #.
####.#####.#### #####.
##.#####.########.....
#####
#.........#.......##.#
....#
########.######.#######.#
###.#####.'...........'.#
#.#
#.##....######.########
#.#


Turn 72355 on D:1: gg

Levels and vault maps discovered:
D:1:      shiori_shiawase, layout_loops_ring, basic_ecumenical_altar,
          corexii_corridor_pit, chequers_serial_rivers_small_a,
          grunt_decor_clamped
D:2:      layout_rooms, basic_altar
D:3:      layout_basic, uniq_pargi
D:4:      layout_basic, serial_shops, shop
D:5:      layout_cave_pools, mainiacjoe_overflow_surrounded_room, serial_shops,
          nicolae_shop_dealshenge, nicolae_shop_window_shopping,
          nicolae_inconvenience_store, shop, shop, uniq_crazy_yiuf_cottage
D:6:      layout_layer_cave, minmay_temple_entry_nine_rooms,
          kennysheep_generic_room_15
D:7:      layout_basic, uniq_duvessa, uniq_joseph, uniq_pikel
D:8:      layout_loops_ring, lair_entry_dummy, lemuel_flame_loot_1
D:9:      minmay_chambers_of_sevens, layout_loops_ring,
          mainiacjoe_overflow_concentric_impassable,
          mainiacjoe_overflow_two_lobes, enter_bailey_2, serial_shops,
          nicolae_shop_tiny_real_fake_doors
D:10:     minmay_the_grid_net [minmay_the_grid_large_cup, minmay_the_grid_doors,
          minmay_the_grid_expand, minmay_the_grid_dragon_b,
          minmay_the_grid_stretched_grid,
          minmay_the_grid_prize_four_corners_diamond_a], layout_cave_pods,
          nicolae_ru_the_path_less_chosen, nicolae_overflow_quartered_altars,
          david_orc_3, ploomutoo_gammafunk_ghost_potion_laboratory,
          uniq_gastronok
D:11:     layout_small_grid, abandoned_shop, chequers_guarded_unrand_ignorance
D:12:     hellmonk_paralyzer, layout_loops_ring, enter_trove_5, tgw_xom
D:13:     cheibrodos_frozen_isle, layout_loops_corners, uniq_urug, uniq_maurice
D:14:     layout_basic, david_vaults_2, hangedman_decor_opposing
D:15:     hangedman_depths_entry_civil_slaughter, layout_stronghold,
          nicolae_triple_integral, minmay_fountain_box,
          einodemon_barbed_minivault
Temple:   hellmonk_temple_divided_pantheon
Lair:1:   layout_loops_ring, beast_lair_carwin_11, infiniplex_staircase_pool_2
Lair:2:   layout_gridlike, elwin_shoals_entry_rooms,
          guppyfry_snake_entry_island, ebering_ghost_funeral_grove, uniq_fannar
Lair:3:   layout_cave_pods, dreamdust_wasp_nest
Lair:4:   lemuel_reptile_caves, layout_gridlike, lemuel_fruit_tree, uniq_rupert
Lair:5:   grunt_lair_end_beastmaster, layout_hall_layers, slime_entry_1,
          gammafunk_ghost_arena
Shoals:1: layout_shoals, gammafunk_ghost_cemetery, serial_shops, shop,
          st_shoals_ruin, uniq_louise
Shoals:2: layout_shoals, serial_shops, nicolae_shop_industrial_runoff,
          st_cyclops, uniq_donald
Shoals:3: layout_shoals
Shoals:4: shoals_end_grunt_ice, layout_shoals, serial_shops, shop,
          nicolae_shop_dragon_depot, uniq_bai_suzhen
Snake:1:  layout_concentric_octagons
Snake:2:  layout_honeycomb, uniq_kirke
Snake:3:  layout_rooms, serial_shops, nicolae_diamond_shop, grunt_ministairs_12,
          serial_bayou_shore_b, uniq_saint_roka
Snake:4:  minmay_snake_end_coiled, layout_cave_town
Slime:1:  layout_caves
Slime:2:  layout_caves, amcnicky_altar_lugonu_corruption, uniq_dissolution
Slime:3:  layout_caves, nicolae_slime_welcoming_committee
Slime:4:  layout_caves
Slime:5:  slime_pit_nicolae_jellycorners
Orc:1:    layout_diamond_mine, kennysheep_orc_chapel
Orc:2:    st_orc_pillars, layout_caves, bloody_makhleb
Elf:1:    eino_elf_arrival_the_gate, layout_gridlike, serial_shops,
          nicolae_shop_rolled_up, nicolae_shop_hallway_stairs, shop,
          minmay_elf_crystal_hexagon
Elf:2:    nicolae_elf_blades_crystal_corner, layout_geoelf_grid, uniq_jorgrun,
          uniq_aizul
Elf:3:    minmay_elf_hall_statues, layout_geoelf_octagon, serial_shops, shop
Vaults:1: nicolae_vaults_little_ls, st_cross, ontoclasm_vaults_ring_large,
          ontoclasm_vaults_chip, nicolae_vaults_big_ls,
          nicolae_vaults_sightless_eye, nicolae_vaults_little_squares_4,
          vaults_room_corners, nicolae_vaults_shelves_hall,
          vaults_dpeg_encased_lava, layout_vaults_quadrants, uniq_norris,
          uniq_asterion
Vaults:2: hangedman_vaults_maws, nicolae_vaults_windows_and_doors_thing,
          vaults_room_boxed, nicolae_vaults_house_2, grunt_vaults_twisty,
          nicolae_vaults_two_Ls, nicolae_vaults_closet_pinwheel_4,
          nicolae_vaults_you_can_take_it_with_you, grunt_vaults_focal,
          nicolae_vaults_wine_cellar, minmay_crypt_entry_vampire_xt,
          nicolae_vaults_double_plus_2, nicolae_vaults_oval_intersection,
          nicolae_vaults_tetromino_L_2, nicolae_vaults_trapezoid_layered,
          vaults_room_stairs_pillars, layout_vaults_maze_bifur, serial_shops,
          shop, uniq_frederick
Vaults:3: portal_desolation_entry_nicolae_forbidding_blocks,
          nicolae_vaults_stepped_doors, v_misc_30,
          nicolae_vaults_little_squares_4, hangedman_vaults_hat,
          ontoclasm_vaults_eye, st_lattice, nicolae_vaults_trapezoid_4,
          nicolae_vaults_trapezoid_lopsided_3, nicolae_vaults_alarming,
          v_misc_25, nicolae_vaults_trapezoid_lopsided_3,
          nicolae_vaults_trapezoid_3, layout_vaults_big_room, serial_shops,
          nicolae_shop_stone
Vaults:4: nicolae_vaults_yaktaur_gun_rack, nicolae_vaults_trapezoid_1,
          hangedman_vaults_snaps, ontoclasm_vaults_ring_small,
          vaults_room_large_hall, nicolae_vaults_tetromino_L_2,
          nicolae_vaults_mini_display_case, gammafunk_sealed_arena,
          nicolae_vaults_big_angled_halls, nicolae_vaults_what_the_h,
          vaults_mumra_hexcomb, nicolae_vaults_heart-shaped_vault,
          ontoclasm_vaults_twist, v_misc_24, ontoclasm_vaults_pinch,
          vaults_room_pools, layout_vaults_ring, uniq_jory, uniq_mennas
Depths:1: layout_gridville, enter_ziggurat_d,
          nicolae_abyss_entry_one_way_or_another, hangedman_coc_ice_floe,
          fedhas_altar_3, grunt_pan_entry_in_and_out, grunt_qazlal_clouds
Depths:2: lemuel_firewalk_3, layout_basic, abyss_entry_small_statue_room,
          rand_demon_pan_entry_3, hell_entry, fountainhead,
          minmay_staircase_windowed_large, uniq_mara
Depths:3: minmay_outward_triangles, layout_honeycomb, hell_entry, abyss_entry,
          roderic_lattice_a, grunt_megastairs_4, firewood_loft,
          infiniplex_staircase_star, uniq_grunn
Depths:4: evilmike_zot_entry_hall, layout_basic, dk_noncrumbling_3,
          rand_demon_pan_entry_7, grunt_hell_entry_dis_mu, abyss_entry,
          elyvilon_altar_3
Zot:1:    layout_onion_interference
Zot:2:    grunt_zot_stairs_mandelzot, layout_basic, lemuel_baited_zot_trap
Zot:3:    layout_onion, gammafunk_ghost_wrathful_warriors, grunt_megastairs_3
Zot:4:    layout_cellular_growth, regret_index_zot_stipple_split, uniq_tiamat
Zot:5:    layout_onion, ebering_ghost_rock_garden

Skill      XL: |  1  2  3  4  5  6  7  8  9 10 11 12 13 14 15 16 17 18 19 20 21 22 23 24 25 26 |
---------------+-------------------------------------------------------------------------------+-----
Poison Magic   | 4 6 7 8 |  8.0
Fighting       | 3 4 5 9 10 11 12 13 14 15 | 15.9
Spellcasting   | 3 4 6 7 9 10 11 12 15 18 20 | 20.7
Conjurations   | 1 4 7 14 16 17 18 | 18.3
Air Magic      | 1 2 |  2.0
Transmutations | 2 4 |  4.9
Evocations     | 3 4 7 8 10 | 10.5
Armour         | 6 9 13 17 19 | 19.1
Dodging        | 4 7 9 12 13 | 13.2
Summonings     | 3 7 12 | 12.0
Staves         | 1 4 8 9 11 | 11.9
Earth Magic    | 7 15 21 23 24 | 24.3
Shields        | 3 |  3.3
Stealth        | |  2.1

Action                     |  1- 3 |  4- 6 |  7- 9 | 10-12 | 13-15 | 16-18 | 19-21 | 22-24 | 25-27 || total
---------------------------+-------+-------+-------+-------+-------+-------+-------+-------+-------++-------
  Melee: Club              |     7 |       |       |       |       |       |       |       |       ||     7
         Unarmed           |       |    19 |       |       |       |       |     2 |     5 |       ||    26
         Trident           |       |     2 |       |       |       |       |       |       |       ||     2
         Staff             |       |       |    14 |       |       |   153 |   503 |   985 |   347 ||  2002
         Quarterstaff      |       |       |     3 |   272 |   599 |    23 |       |       |       ||   897
         Punch             |       |       |       |       |       |     4 |       |       |       ||     4
   Cast: Sting             |    76 |    69 |   189 |    30 |       |       |       |       |       ||   364
         Poisonous Vapours |     3 |     6 |    11 |       |       |     1 |       |       |       ||    21
         Olgreb's Toxic Ra |       |     4 |    31 |   100 |   146 |    64 |    40 |    41 |     2 ||   428
         Mephitic Cloud    |       |       |     5 |     8 |       |     1 |       |       |       ||    14
         Irradiate         |       |       |       |    17 |    34 |    41 |    42 |    48 |    18 ||   200
         Orb of Destructio |       |       |       |       |   191 |   480 |   430 |   411 |   407 ||  1919
         Spellforged Servi |       |       |       |       |       |    34 |    22 |    19 |       ||    75
         Ignite Poison     |       |       |       |       |       |       |     1 |    14 |       ||    15
         Shatter           |       |       |       |       |       |       |       |       |    10 ||    10
         Apportation       |       |       |       |       |       |       |       |       |     2 ||     2
 Invoke: Curse Item        |       |       |       |     3 |     2 |     4 |     3 |     3 |     2 ||    17
         Shatter the Chain |       |       |       |       |       |     2 |     2 |     2 |     1 ||     7
  Evoke: Wand              |       |       |     1 |       |     2 |       |     7 |    10 |    16 ||    36
         Phial of floods   |       |       |       |       |     1 |     1 |     1 |     1 |       ||     4
         Phantom mirror    |       |       |       |       |       |       |     2 |       |     1 ||     3
         Lightning rod     |       |       |       |       |       |       |     2 |       |       ||     2
         Sack of spiders   |       |       |       |       |       |       |       |       |     1 ||     1
    Use: Scroll            |       |     6 |     2 |     4 |       |     2 |     7 |     8 |     3 ||    32
         Potion            |       |     2 |       |     1 |       |       |     4 |     4 |    10 ||    21
   Stab: Distracted        |       |       |       |     2 |     5 |       |       |       |       ||     7
         Sleeping          |       |       |       |       |     1 |       |       |       |       ||     1
         Invisible         |       |       |       |       |       |       |     2 |       |       ||     2
         Paralysed         |       |       |       |       |       |       |     4 |       |     5 ||     9
 Armour: Robe              |    43 |    15 |       |       |       |       |       |       |       ||    58
         Skin              |       |    19 |       |       |       |       |    10 |     1 |       ||    30
         Troll leather arm |       |    20 |   129 |   322 |   744 |   531 |   197 |       |       ||  1943
         Gold dragon scale |       |       |       |       |       |       |   703 |  1005 |   624 ||  2332
  Dodge: Dodged            |    35 |    27 |    73 |   211 |   669 |   379 |   358 |   370 |   232 ||  2354
  Block: Buckler           |       |       |       |       |       |    24 |   193 |   231 |   130 ||   578

Table legend: (Time is in decaauts)
 A = Elapsed time spent in this place.
 B = Non-inter-level travel time spent in this place.
 C = Inter-level travel time spent in this place.
 D = Time resting spent in this place.
 E = Time spent auto-exploring this place.
 F = Levels seen in this place.
 G = Mean time per level.
                   A        B        C        D        E       F      G
               +--------+--------+--------+--------+--------+-----+--------+
         Total |  72193 |  65911 |   6282 |  18691 |  30096 |  55 | 1312.6 |
       Dungeon |  19349 |  16318 |   3031 |   3054 |   9441 |  15 | 1289.9 |
        Temple |     26 |     12 |     14 |      0 |      0 |   1 |   26.0 |
          Lair |   5907 |   5261 |    646 |    658 |   3115 |   5 | 1181.4 |
        Shoals |   5621 |   5160 |    461 |   1409 |   2382 |   4 | 1405.2 |
     Snake Pit |   5387 |   5144 |    243 |   1591 |   2184 |   4 | 1346.8 |
    Slime Pits |   2209 |   2158 |     51 |   1062 |    162 |   5 |  441.8 |
  Orcish Mines |   2363 |   2070 |    293 |    550 |   1045 |   2 | 1181.5 |
   Elven Halls |   4672 |   4303 |    369 |   1530 |   1692 |   3 | 1557.3 |
        Vaults |   7757 |   7328 |    429 |   2271 |   3148 |   4 | 1939.2 |
        Depths |   7770 |   7273 |    497 |   2136 |   3748 |   4 | 1942.5 |
           Zot |   9058 |   8816 |    242 |   3918 |   2640 |   5 | 1811.6 |
         Abyss |     82 |     82 |      0 |     33 |      0 |   1 |   82.0 |
        Bailey |    402 |    402 |      0 |      0 |     97 |   1 |  402.0 |
    Desolation |   1584 |   1584 |      0 |    478 |    440 |   1 | 1584.0 |
               +--------+--------+--------+--------+--------+-----+--------+

Top non-repeatable levels by time:
Depths:2: 2459 daAuts
Depths:4: 2291 daAuts
   Zot:2: 2205 daAuts
   Zot:1: 2201 daAuts
Vaults:2: 2137 daAuts
Vaults:1: 2122 daAuts
Depths:3: 2066 daAuts
   Elf:3: 1903 daAuts
Shoals:4: 1877 daAuts
 Snake:4: 1874 daAuts
   Zot:5: 1853 daAuts
Vaults:4: 1832 daAuts
    D:15: 1717 daAuts
   Elf:1: 1686 daAuts
   Orc:2: 1672 daAuts
